 Seeded DCSS version 0.26-a0-925-g62de122 (webtiles) character file.

Game seed: 64216756529547658 (custom seed)

16077983 araganzar the Bringer of Light (level 27, 402/490 HPs)
             Began as a Deep Dwarf Berserker on Nov 22, 2020.
             Was the Champion of the Shining One.
             Escaped with the Orb
             ... and 15 runes on Nov 25, 2020!
             The game lasted 11:23:49 (98106 turns).

araganzar the Bringer of Light (DDBe)              Turns: 98106, Time: 11:23:50

Health: 402/490    AC: 60    Str: 35    XL:     27
Magic:  38/40 (31) EV: 26    Int: 13    God:    the Shining One [******]
Gold:   10984      SH: 54    Dex: 18    Spells: 13/50 levels left

rFire    + + +     SeeInvis +   b - +8 mithril axe "Arga" {speed, MR+}
rCold    + + .     Faith    +   K - +8 tower shield
rNeg     + + +     Spirit   .   y - +12 gold dragon scales
rPois    +         Reflect  .   u - +2 helmet {Int+3}
rElec    +         Harm     .   h - scarf {shadows}
rCorr    .         Rampage  .   c - +2 pair of gloves {Str+3}
MR       +++++                  T - +5 pair of boots of Waphaub {rC- MR+ Dex+6}
Stlth    ..........             Y - amulet "Pithraesk" {Faith rElec MR+}
HPRegen  0.00/turn              I - ring "Woicsitt" {*Drain rC++ MP+9 AC+4}
MPRegen  0.27/turn              P - ring of Ephemeral Luck {+Fly rF++ SInv}

@: mighty, berserking, divine shield, non-regenerating, glowing, very quick
A: damage resistance, heal wounds, talons 1, yellow scales 1, negative energy
resistance 1, sense surroundings 3, robust 1, subdued magic 1, no regeneration
0: Orb of Zot
}: 15/15 runes: barnacled, slimy, silver, golden, iron, obsidian, icy, bone,
abyssal, demonic, glowing, magical, fiery, dark, gossamer
a: Heal Wounds, Divine Shield, Cleansing Flame, Summon Divine Warrior, Renounce
Religion, Evoke Flight


You escaped.
You worshipped the Shining One.
The Shining One was exalted by your worship.
You visited 18 branches of the dungeon, and saw 89 of its levels.
You visited Pandemonium 2 times, and saw 18 of its levels.
You visited the Abyss 1 time.
You visited 1 bazaar.
You visited 2 ziggurats (completing 1), and saw 37 of their levels.
You also visited: Trove, Sewer, Bailey, Ice Cave and Volcano.

You collected 18399 gold pieces.
You spent 7415 gold pieces at shops.


Innate Abilities, Weirdness & Mutations

You are resistant to damage.
You can heal yourself by infusing magical energy.
You resist negative energy. (rN+)
You passively map a large area around you.
You do not regenerate.
You have sharp toenails.
You are partially covered in yellow scales. (AC +2)
You are robust. (+10% HP)
Your spells are a little easier to cast, but a little less powerful.


   Skills:
 O Level 27 Fighting
 - Level 26.0(26.1) Axes
 + Level 5.1(17.3) Maces & Flails
 - Level 10.2(17.4) Slings
 - Level 19.0(19.5) Throwing
 O Level 27 Armour
 + Level 26.9 Dodging
 + Level 26.9 Shields
 - Level 12.0 Spellcasting
 - Level 13.0 Conjurations
 - Level 13.0 Hexes
 - Level 17.0 Necromancy
 - Level 9.0 Translocations
 - Level 6.0 Transmutations
 - Level 12.0 Ice Magic
 - Level 13.0 Air Magic
 - Level 19.5 Earth Magic
 O Level 27 Invocations
 + Level 26.4 Evocations


You had 13 spell levels left.
You knew the following spells:

 Your Spells              Type           Power        Failure   Level
a - Frozen Ramparts       Ice            ###...       1%          3
b - Blink                 Tloc           N/A          1%          2
c - Leda's Liquefaction   Hex/Erth       ###.......   1%          4
d - Silence               Hex/Air        ###.......   3%          5
g - Hailstorm             Conj/Ice       ###.....     1%          4
i - Metabolic Englaciati  Hex/Ice        ###.......   4%          5
j - Passage of Golubria   Tloc           N/A          8%          4
k - Wereblood             Tmut           #.......     3%          2
o - Apportation           Tloc           ##....       1%          1
w - Passwall              Tmut/Erth      ###.....     1%          2
z - Lee's Rapid Deconstr  Erth           ###.......   1%          5

Your spell library contained the following spells:

 Spells                   Type           Power        Failure   Level
 Animate Skeleton         Necr           ###...       0%          1
 Pain                     Necr           ###.         0%          1
 Sandblast                Erth           ###...       0%          1
 Corona                   Hex            ###....      1%          1
 Foxfire                  Conj/Fire      #...         1%          1
 Freeze                   Ice            ###.         1%          1
 Magic Dart               Conj           ###.         1%          1
 Shock                    Conj/Air       ###.         1%          1
 Corpse Rot               Necr/Air       N/A          1%          2
 Ensorcelled Hibernation  Hex/Ice        ###...       1%          2
 Searing Ray              Conj           ###...       1%          2
 Slow                     Hex            ###.....     1%          2
 Sublimation of Blood     Necr           ###.......   1%          2
 Swiftness                Air            ###.....     1%          2
 Confusing Touch          Hex            ###.....     1%          3
 Dazzling Flash           Conj/Hex       ###...       1%          3
 Gell's Gravitas          Tloc           ##........   1%          3
 Lesser Beckoning         Tloc           ##........   1%          3
 Ozocubu's Armour         Ice            ###.....     1%          3
 Portal Projectile        Hex/Tloc       ##....       1%          3
 Static Discharge         Conj/Air       ###.....     1%          3
 Stone Arrow              Conj/Erth      ###...       1%          3
 Teleport Other           Tloc           ##......     1%          3
 Tukima's Dance           Hex            ###.....     1%          3
 Vampiric Draining        Necr           ###.......   1%          3
 Airstrike                Air            ###.......   1%          4
 Animate Dead             Necr           ###.......   1%          4
 Cause Fear               Hex            ###.......   1%          4
 Dispel Undead            Necr           ###.....     1%          4
 Fulminant Prism          Conj/Hex       ###.......   1%          4
 Petrify                  Tmut/Erth      ###.....     1%          4
 Agony                    Necr           ###.....     1%          5
 Borgnjor's Vile Clutch   Necr/Erth      ###.......   1%          5
 Excruciating Wounds      Necr           ###.......   1%          5
 Beastly Appendage        Tmut           #.....       2%          1
 Mephitic Cloud           Conj/Pois/Air  ##......     2%          3
 Poisonous Vapours        Pois/Air       #.....       3%          2
 Iskenderun's Mystic Bla  Conj/Tloc      ##......     3%          4
 Iskenderun's Battlesphe  Conj           ###.....     3%          5
 Lightning Bolt           Conj/Air       ###.......   3%          5
 Death Channel            Necr           ###.......   4%          6
 Conjure Flame            Conj/Fire      #.......     6%          3
 Inner Flame              Hex/Fire       #.......     6%          3
 Summon Guardian Golem    Hex/Summ       #.......     6%          3
 Iron Shot                Conj/Erth      ###.......   6%          6
 Ice Form                 Ice/Tmut       ##......     8%          4
 Sting                    Tmut/Pois      #...         9%          1
 Bolt of Magma            Conj/Fire/Erth ##........   10%         5
 Simulacrum               Ice/Necr       ###.......   13%         6
 Irradiate                Conj/Tmut      ##........   19%         5
 Yara's Violent Unravell  Hex/Tmut       ##........   19%         5
 Sticky Flame             Conj/Fire      #.......     22%         4
 Summon Lightning Spire   Summ/Air       #.......     22%         4
 Conjure Ball Lightning   Conj/Air       ###.......   24%         6
 Invisibility             Hex            ###.....     24%         6
 Statue Form              Tmut/Erth      ###......    26%         6
 Spider Form              Tmut/Pois      #.........   28%         3
 Summon Ice Beast         Ice/Summ       #.......     28%         4
 Freezing Cloud           Conj/Ice/Air   ###.......   28%         6
 Summon Small Mammal      Summ           #...         32%         1
 Ozocubu's Refrigeration  Ice            ###.......   34%         6
 Ignite Poison            Fire/Tmut/Pois #.......     41%         3
 Call Imp                 Summ           #.......     45%         2
 Fireball                 Conj/Fire      #.........   54%         5
 Summon Mana Viper        Hex/Summ       #.......     54%         5
 Blade Hands              Tmut           #.........   61%         5
 Call Canine Familiar     Summ           #.......     71%         3
 Dispersal                Tloc           ##........   78%         6
 Orb of Destruction       Conj           ###.......   80%         7
 Summon Forest            Summ/Tloc      #.........   83%         5
 Borgnjor's Revivificati  Necr           ###.......   90%         8
 Infestation              Necr           ###.......   90%         8
 Alistair's Intoxication  Tmut/Pois      #........    96%         5
 Lehudib's Crystal Spear  Conj/Erth      ###.......   96%         8
 Olgreb's Toxic Radiance  Pois           #.......     98%         4
 Starburst                Conj/Fire      #.........   98%         6
 Hydra Form               Tmut           #.........   99%         6
 Summon Demon             Summ           #.........   100%        5
 Eringya's Noxious Bog    Tmut/Pois      #.........   100%        6
 Shadow Creatures         Summ           N/A          100%        6
 Dragon Form              Tmut           #.........   100%        7
 Haunt                    Necr/Summ      ##........   100%        7
 Malign Gateway           Summ/Tloc      #.........   100%        7
 Monstrous Menagerie      Summ           #.........   100%        7
 Spellforged Servitor     Conj/Summ      #.........   100%        7
 Summon Greater Demon     Summ           #.........   100%        7
 Summon Hydra             Summ           #.........   100%        7
 Chain Lightning          Conj/Air       ###.......   100%        8
 Discord                  Hex            ###.......   100%        8
 Disjunction              Tloc           ##........   100%        8
 Ignition                 Fire           #.........   100%        8
 Necromutation            Tmut/Necr      ##........   100%        8
 Summon Horrible Things   Summ           #.........   100%        8
 Absolute Zero            Ice            ###.......   100%        9
 Death's Door             Necr           ###.......   100%        9
 Dragon's Call            Summ           #.........   100%        9
 Fire Storm               Conj/Fire      #.........   100%        9
 Shatter                  Erth           ###.......   100%        9
 Tornado                  Air            ###.......   100%        9

Inventory:

Hand Weapons
 a - a +9 broad axe of holy wrath
   (Trog gifted it to you on level 2 of the Vaults)
 b - the +8 mithril axe "Arga" (weapon) {speed, MR+}
   (You found it on level 18 of a ziggurat)

   Attacks with this weapon are significantly faster.
   It affects your resistance to hostile enchantments.
 w - the +3 sling "Punk" {acid, rCorr}
   (You acquired it on level 3 of the Shoals)

   It provides partial protection from all sources of acid and corrosion.
Missiles
 z - 95 silver javelins (quivered)
 Q - 725 sling bullets
Armour
 c - a +2 pair of gloves of strength (worn)
   (You bought it in a shop in a bazaar)
 h - a scarf of shadows (worn)
   (You acquired it on level 26 of a ziggurat)
 u - a +2 helmet of intelligence (worn)
   (You found it in Pandemonium)
 y - +12 gold dragon scales (worn)
   (You found it on level 5 of the Depths)
 A - a +2 cloak of preservation
   (You took it off Nikola on level 2 of the Depths)
 K - a +8 tower shield (worn)
   (You took it off Louise on level 3 of the Spider Nest)
 T - the +5 pair of boots of Waphaub (worn) {rC- MR+ Dex+6}
   (You acquired it on level 4 of the Shoals)

   It affects your dexterity (+6).
   It makes you vulnerable to cold.
   It affects your resistance to hostile enchantments.
Jewellery
 p - the ring of Robustness {AC+8}
   (You took it off a deep elf knight on level 3 of the Elven Halls)

   [ring of protection]

   It affects your AC (+8).
 q - a +6 ring of intelligence
   (You found it on level 1 of the Elven Halls)
 I - the ring "Woicsitt" (left hand) {*Drain rC++ MP+9 AC+4}
   (You found it on level 7 of the Iron City of Dis)

   [ring of protection]

   It affects your AC (+4).
   It greatly protects you from cold.
   It affects your magic capacity (+9).
   It causes draining when unequipped.
 P - the ring of Ephemeral Luck (right hand) {+Fly rF++ SInv}
   (You found it on level 2 of the Realm of Zot)

   [ring of see invisible]

   It greatly protects you from fire.
   It lets you see invisible.
   It lets you fly.
 Y - the amulet "Pithraesk" (around neck) {Faith rElec MR+}
   (You found it on level 16 of a ziggurat)

   [amulet of faith]

   It allows you to gain divine favour quickly.
   It insulates you from electricity.
   It affects your resistance to hostile enchantments.
Wands
 k - a wand of acid (43)
   (You found it on level 6 of the Dungeon)
 t - a wand of iceblast (90)
   (You took it off Ijyb on level 3 of the Dungeon)
 D - a wand of digging (28)
   (You found it on level 9 of the Dungeon)
Scrolls
 g - 8 scrolls of fear
 l - 35 scrolls of teleportation
 o - 8 scrolls of holy word {!r}
 r - 2 scrolls of fog
 v - 12 scrolls of blinking {!r}
 F - 55 scrolls of remove curse
 N - 2 scrolls of magic mapping {!r}
 O - 6 scrolls of silence
 S - 3 scrolls of immolation {!r}
 U - 4 scrolls of summoning
 X - 23 scrolls of identify
Potions
 f - 6 potions of magic
 i - 32 potions of curing
 j - 6 potions of berserk rage {!q}
 m - 4 potions of brilliance
 n - 8 potions of heal wounds
 x - 2 potions of might
 B - 3 potions of ambrosia
 C - 7 potions of resistance
 H - 13 potions of lignification {!q}
 L - 16 potions of mutation {!q}
 M - a potion of flight
 W - 8 potions of cancellation
Miscellaneous
 d - a tin of tremorstones (2/2)
   (You found it on level 2 of the Lair of Beasts)
 e - a lightning rod (4/4)
   (You found it on level 7 of Tartarus)
 J - a box of beasts
   (You found it on level 1 of the Vaults)
 R - a phial of floods
   (You found it in Pandemonium)
 Z - a phantom mirror
   (You found it on level 5 of the Vaults)

####.#### #.#.#####......#.
..########### #...####..#....#.
###.........#######..........##..
...............#########..#......
.....⌠...⌠.......# ##.#...##.
..⌠.........⌠...## #..#.###.
.......≈.........# #........
.⌠...........⌠...# ####.####
....≈.....≈.....@# #.#
.⌠...........⌠...##### #.#
.......≈.........#...# #.#
..⌠.........⌠...##.#.# #.#
.....⌠...⌠...........#######.##
...............##.............###
###.........####.....#####.......
..############.#...#.# ##...##.
#.#### #.#...#.# ##.###.


There were no monsters in sight!


Message History

There is a stone staircase leading up here.
You climb upwards.
There is a stone staircase leading down here.
You feel yourself slow down.
You see here a +0 short sword.
There is a stone staircase leading up here.
You climb upwards.
There is a stone staircase leading down here.
You see here a cursed -1 dagger.
You see here a +0 dagger.
There is a stone staircase leading up here.
You climb upwards.
There is a stone staircase leading down here.
Unknown command.
Unknown command.
MP restored: 40 Unknown command.
Unknown command.
Unknown command.
There is an open door here.
There is a staircase leading out of the dungeon here.
Your shield is strengthened by the Shining One's divine power.
You now have 37/40 mp.
You feel very mighty all of a sudden.
Really quaff
j - 7 potions of berserk rage {!q}?
A red film seems to cover your vision as you go berserk!
You feel yourself moving faster!
You feel mighty!
You now have 402/490 hp.
You feel a strong urge to attack something.
You have escaped!

Action                   |  1- 3 |  4- 6 |  7- 9 | 10-12 | 13-15 | 16-18 | 19-21 | 22-24 | 25-27 || total
-------------------------+-------+-------+-------+-------+-------+-------+-------+-------+-------++-------
Melee: Hand axe          |    62 |   136 |   118 |       |       |       |       |       |       ||   316
       Mace              |       |       |   269 |   456 |       |       |       |       |       ||   725
       Battleaxe         |       |       |       |   160 |  1031 |   669 |   909 |  1748 |  4404 ||  8921
       War axe           |       |       |       |       |       |  1133 |   628 |       |       ||  1761
       Executioner's axe |       |       |       |       |       |       |       |       |   149 ||   149
       Broad axe         |       |       |       |       |       |       |       |       |  3557 ||  3557
 Fire: Hunting sling     |    12 |    86 |    57 |    52 |    32 |       |       |       |       ||   239
       Fustibalus        |       |       |       |       |       |   116 |   123 |    18 |    84 ||   341
Throw: Stone             |       |     1 |       |       |       |       |       |       |       ||     1
       Dart              |       |       |     6 |    12 |     9 |     3 |       |       |       ||    30
       Javelin           |       |       |       |       |       |    28 |     7 |    24 |   256 ||   315
       Throwing net      |       |       |       |       |       |       |       |       |    12 ||    12
 Cast: Corpse Rot        |       |       |       |       |       |       |       |       |     1 ||     1
       Metabolic Englaci |       |       |       |       |       |       |       |       |     1 ||     1
       Lee's Rapid Decon |       |       |       |       |       |       |       |       |     1 ||     1
       Wereblood         |       |       |       |       |       |       |       |       |     1 ||     1
       Borgnjor's Vile C |       |       |       |       |       |       |       |       |     1 ||     1
       Frozen Ramparts   |       |       |       |       |       |       |       |       |     1 ||     1
Invok: Berserk           |     5 |     7 |    13 |    10 |    15 |    19 |    17 |     8 |     2 ||    96
       Trog's Hand       |     1 |     1 |     6 |    15 |    21 |    20 |    13 |     3 |     4 ||    84
       Brothers in Arms  |       |       |       |       |       |     5 |     3 |     2 |     2 ||    12
       Lesser Servant of |       |       |       |       |       |       |       |       |     4 ||     4
       Cleansing Flame   |       |       |       |       |       |       |       |       |   204 ||   204
       Summon Divine War |       |       |       |       |       |       |       |       |    89 ||    89
       Greater Servant o |       |       |       |       |       |       |       |       |    33 ||    33
       Divine Shield     |       |       |       |       |       |       |       |       |     6 ||     6
       Major Destruction |       |       |       |       |       |       |       |       |     4 ||     4
       Brand Weapon With |       |       |       |       |       |       |       |       |     1 ||     1
 Abil: Heal Wounds       |       |       |       |       |       |       |       |       |    35 ||    35
       Evoke Flight      |       |       |       |       |       |       |       |       |     1 ||     1
Evoke: Wand              |       |       |    17 |     4 |     7 |     3 |     5 |    11 |    19 ||    66
       Box of beasts     |       |       |       |       |       |     1 |       |       |     4 ||     5
       Horn of Geryon    |       |       |       |       |       |       |       |       |     2 ||     2
       Figurine of a zig |       |       |       |       |       |       |       |       |     1 ||     1
       Phantom mirror    |       |       |       |       |       |       |       |       |     1 ||     1
  Use: Scroll            |       |     8 |     9 |     6 |    18 |    11 |    19 |    19 |   118 ||   208
       Potion            |       |       |     3 |     1 |     1 |     3 |     4 |     3 |    77 ||    92
 Stab: Sleeping          |       |     3 |       |       |       |       |       |       |       ||     3
       Paralysed         |       |       |     1 |       |       |       |       |       |       ||     1
       Distracted        |       |       |       |       |       |     1 |     3 |     1 |    18 ||    23
       Invisible         |       |       |       |       |       |       |     8 |       |       ||     8
       Confused          |       |       |       |       |       |       |       |       |     5 ||     5
       Petrified         |       |       |       |       |       |       |       |       |     5 ||     5
       Held in net/web   |       |       |       |       |       |       |       |       |     3 ||     3
Armor: Leather armour    |     6 |       |       |       |       |       |       |       |       ||     6
       Animal skin       |     3 |       |       |       |       |       |       |       |       ||     3
       Ring mail         |    13 |    37 |       |       |       |       |       |       |       ||    50
       Chain mail        |       |    33 |   165 |       |       |       |       |       |       ||   198
       Plate armour      |       |       |    75 |   483 |   642 |  1160 |   551 |   767 |       ||  3678
       Gold dragon scale |       |       |       |       |       |       |       |       |  5606 ||  5606
Dodge: Dodged            |    50 |    72 |   223 |   312 |   615 |  1491 |   989 |  1528 |  8032 || 13312
Block: Tower shield      |       |       |       |       |       |       |       |       |  1948 ||  1948
       Kite shield       |       |       |       |       |       |       |       |       |   999 ||   999
       Other             |       |       |       |       |       |       |       |       |   544 ||   544
       Reflection        |       |       |       |       |       |       |       |       |     9 ||     9

Levels and vault maps discovered:
D:1:      dpeg_arrival_stone_temple_mockup, layout_loops_corners,
          minmay_small_reverse_x
D:2:      minmay_chambers_of_twos, layout_loops_corners, corexii_hall_statues_x,
          minmay_tromino_v4_a, uniq_crazy_yiuf_cottage, uniq_robin
D:3:      layout_basic, cheibrodos_ashenzari_chains, xom_butterflies,
          gup_sewer_entry_bowl, nicolae_ru_great_annihilating_truth, uniq_ijyb,
          uniq_jessica
D:4:      layout_gridville, old_standard_altar, gammafunk_ghost_gnarly_gnolls,
          guppyfry_shop_venom, uniq_duvessa, uniq_menkaure, uniq_grinder
D:5:      layout_layer_cave, lemuel_crystal_altar, uniq_blork_the_orc,
          uniq_eustachio
D:6:      minmay_inner_zag, layout_basic, kennysheep_mini
D:7:      layout_rooms, kennysheep_mini_moat, temple_hall
D:8:      layout_rooms, bloody_trog, nicolae_overflow_hidden_temple,
          brannock_xom_greatest_gift
D:9:      layout_grid_maze, gammafunk_ghost_wrathful_warriors, serial_shops,
          shop, minmay_statue_crystal_thing
D:10:     layout_cave_pools, david_lair_shrubbed
D:11:     layout_gridville, enter_trove_0, uniq_erica, uniq_psyche
D:12:     hangedman_screamer, layout_basic,
          kennysheep_orc_monster_closet_entryway, jmf_multi_god_temple2,
          uniq_rupert, uniq_erolcha, uniq_urug, uniq_nessos
D:13:     layout_irregular_city, lightli_vaults_fourway_checkpoint,
          yredelemnul_altar_generic
D:14:     layout_roguey [special_room_mythical_zoo], grunt_decor_junction,
          serial_shops, shop, nrook_guardian_serpent_ordinary
D:15:     hangedman_slaughterboxes
Temple:   chequers_temple_sunken
Lair:1:   layout_chaotic_city, uniq_gastronok, uniq_sonja
Lair:2:   regret_index_harrowing_hell_hive, layout_gridlike,
          ebering_ghost_inner_flame, infiniplex_staircase_pool_2,
          serial_bayou_shore_a, grunt_megastairs_2, lemuel_fruit_tree
Lair:3:   layout_regular_city, elwin_shoals_entry_rooms,
          nicolae_volcano_entry_lava_flow
Lair:4:   layout_roguey, nicolae_spider_entry_non_spiders, basic_altar,
          special_room [special_room_bee]
Lair:5:   pond_and_an_island_with_a_cottage, layout_cave_pods,
          dpeg_slime_entry_enclosed_altar
Lair:6:   hangedman_lair_in_review, layout_regular_city,
          hangedman_lair_caniforms_friends, portal_ice_cave_entry_pillars_1
Shoals:1: layout_shoals, serial_shops, nicolae_shop_waterfront, uniq_roxanne
Shoals:2: layout_shoals
Shoals:3: layout_shoals, serial_shops, shop_scrolls,
          nicolae_shoals_this_corrosion, uniq_ilsuiw
Shoals:4: shoals_end_grunt_ice, layout_shoals
Spider:1: layout_spider_delve
Spider:2: layout_spider_delve, uniq_aizul
Spider:3: layout_spider_delve, uniq_louise
Spider:4: spider_rune_water
Slime:1:  layout_caves
Slime:2:  cheibrodos_slime_lost_civilization_2, layout_caves
Slime:3:  layout_caves
Slime:4:  layout_caves
Slime:5
Orc:1:    cheibrodos_orc_arena, layout_caves, enter_bailey_2, basic_altar
Orc:2:    grunt_orc_tribal_feast, layout_caves, basic_altar, serial_shops,
          freezing_bzr, nicolae_shop_window_shopping, shop, lightli_orcish_oven,
          uniq_donald, uniq_snorg
Elf:1:    elf_arrival_002, layout_onion_city, minivault_28, uniq_asterion,
          uniq_frances, uniq_azrael
Elf:2:    layout_loops_ring, feat_on_display
Elf:3:    elf_hall_gauntlet_narrow, layout_rooms, serial_shops,
          nicolae_shop_crystal, minmay_strange_pillars,
          minmay_misc_feat_ornament, drop_trap
Vaults:1: gammafunk_vaults_ghost_fury_of_okawaru, v_misc_4,
          nicolae_vaults_little_squares_2, grunt_vaults_diagonal, st_star,
          v_misc_17, grunt_vaults_funnel, vaults_room_semicircle, v_misc_9,
          grunt_vaults_twisty, ontoclasm_vaults_twist,
          nicolae_vaults_mini_display_case, layout_vaults_omnicross
Vaults:2: nicolae_vaults_disjoint_gnomons, hangedman_vaults_corner,
          minmay_crypt_entry_skeletal_spiral, ontoclasm_vaults_bender,
          ontoclasm_vaults_ligature, hangedman_vaults_nails,
          nicolae_vaults_little_squares_3, layout_vaults_omnigrid
Vaults:3: vaults_dpeg_spiral, nicolae_vaults_theta, vaults_mumra_lcd,
          vaults_room_stairs_pillars, v_misc_24, vaults_mumra_hex,
          nicolae_vaults_circle_grid_a, nicolae_vaults_network_square,
          hangedman_vaults_trim, v_pattern_2, nicolae_vaults_triangles,
          vaults_room_hallway, vaults_room_stairs_pillars,
          vaults_room_stairs_pillars, vaults_standard_mumra_enter_the_diamond,
          ontoclasm_vaults_gateway, layout_vaults_maze_bifur,
          serial_hangedman_research, hangedman_research_pyrotechnics
Vaults:4: v_rooms_5, v_pattern_4, v_misc_29, hangedman_vaults_capsules,
          v_rooms_5, v_alt_pattern_3, dpeg_vaults_pockets_of_resistance,
          ontoclasm_vaults_hangar, hangedman_vaults_impose,
          vaults_mumra_minichess, vaults_dpeg_diagonal, layout_vaults_omnibox
Vaults:5: serial_shops, uniq_sojobo
Crypt:1:  layout_gridlike, hex_large, grunt_megastairs_3, uniq_margery,
          uniq_boris, uniq_mennas
Crypt:2:  layout_rooms, gammafunk_ghost_spectres, minivault_19
Crypt:3:  quadcrypt_mu
Tomb:1
Tomb:2
Tomb:3
Depths:1: layout_cave_pools, grunt_pan_entry_spiral,
          kennysheep_cross_bottleneck, hell_entry, chequers_big_river,
          lightli_fourway_metalbox
Depths:2: kennysheep_six_static_rooms, layout_basic, enter_ziggurat_d,
          hangedman_coc_ice_floe, serial_shops, kennysheep_little_box,
          pan_entry, minivault_16, nicolae_island_escapes,
          infiniplex_staircase_spiral_double, uniq_nikola
Depths:3: grunt_arcs, layout_small_grid, hell_entry, serial_shops,
          nicolae_shop_trees, marbit_kobold_abyss_entry, hangedman_decor_lopped,
          rand_demon_pan_entry_7, minmay_staircase_windowed_small
Depths:4: dpeg_oklob_shooting_range, layout_honeycomb, abyss_entry, basic_altar,
          pan_entry, grunt_mini_vestibule, minmay_shop_star, uniq_mara
Depths:5: grunt_crosshair, layout_cave_pools, hellmouth_1,
          grunt_pan_entry_zigzag, serial_sigils_hangedman_snap
Hell
Dis:1:    layout_overlapping_boxes
Dis:2:    layout_gridville, hangedman_player_shredder
Dis:3:    layout_gridville
Dis:4:    layout_subdivisions
Dis:5:    layout_regular_city, lemuel_elevator
Dis:6:    layout_overlapping_boxes, lemuel_elevator
Dis:7:    iron_city_of_dis [dis_grunt, dis_wall_1], layout_chaotic_city,
          nicolae_dis_lava_storage_tank, nicolae_dis_strange_trophy_room
Geh:1:    layout_gehenna_pools_triple
Geh:2:    layout_gehenna_pools_basic
Geh:3:    layout_gehenna_pools_triple
Geh:4:    layout_gehenna_pools_triple, lemuel_flamethrower_2
Geh:5:    layout_gehenna_pools_basic
Geh:6:    layout_gehenna_pools_basic
Geh:7:    geh_mu
Coc:1:    layout_ice_bergs
Coc:2:    layout_cocytus_water_paths
Coc:3:    layout_cocytus_delve, hangedman_elemental_corridor
Coc:4:    layout_ice_bergs
Coc:6:    layout_cocytus_delve, serial_ice, serial_ice_n, serial_ice_h,
          serial_ice_f, serial_ice_b
Coc:7:    coc_hangedman
Tar:1:    layout_grid_maze
Tar:2:    layout_catacombs, grunt_megastairs_1
Tar:3:    layout_catacombs
Tar:4:    layout_grid_maze
Tar:5:    layout_catacombs
Tar:6:    layout_catacombs, hangedman_snap_crack_crunch
Tar:7:    tar_mu [tar_mu_maze]
Zot:1:    layout_twisted_circle, grunt_megastairs_4
Zot:2:    layout_onion_interference, gammafunk_ghost_mausoleum,
          st_large_dragon_hoard_3
Zot:3:    evilmike_crystal_ball_defense, layout_basic,
          hangedman_snake_sidewinding
Zot:4:    layout_gridlike, st_single_dragon_hoard_4
Zot:5:    layout_twisted_circle

Notes
Turn   | Place    | Note
-------+----------+-------------------------------------------
     0 | D:1      | araganzar the Deep Dwarf Berserker began the quest for the
                  | Orb.
     0 | D:1      | Reached XP level 1. HP: 20/20 MP: 1/1
   428 | D:1      | Reached XP level 2. HP: 20/27 MP: 2/2
   431 | D:1      | Reached skill level 4 in Axes
  1321 | D:2      | Reached XP level 3. HP: 24/33 MP: 3/3
  1433 | D:2      | Reached skill level 5 in Axes
  1433 | D:2      | Reached ** piety under Trog
  1702 | D:2      | Reached XP level 4. HP: 39/40 MP: 4/4
  1969 | D:2      | Reached skill level 6 in Axes
  2158 | D:2      | Found a runed translucent door.
  2159 | D:2      | Noticed Crazy Yiuf
  2166 | D:2      | Killed Crazy Yiuf
  2167 | D:2      | Reached XP level 5. HP: 46/46 MP: 5/5
  2382 | D:2      | Noticed Robin
  2419 | D:2      | Killed Robin
  2691 | D:3      | Noticed a necrophage
  2704 | D:3      | Killed a necrophage
  2705 | D:3      | Reached skill level 7 in Axes
  2705 | D:3      | Reached XP level 6. HP: 55/55 MP: 6/6
  2784 | D:3      | Found a glowing drain.
  2788 | Sewer    | Entered a sewer
  2795 | Sewer    | Reached *** piety under Trog
  2849 | Sewer    | Reached skill level 8 in Axes
  3274 | D:3      | Reached skill level 3 in Fighting
  3300 | D:3      | Reached skill level 1 in Slings
  3418 | D:3      | Reached XP level 7. HP: 60/62 MP: 7/7
  3469 | D:3      | Noticed Ijyb
  3483 | D:3      | Killed Ijyb
  3533 | D:3      | Found a sacrificial altar of Ru.
  3562 | D:3      | Reached skill level 3 in Armour
  3577 | D:3      | Reached skill level 1 in Evocations
  3730 | D:3      | Found a shimmering altar of Xom.
  3836 | D:3      | Noticed Jessica
  3838 | D:3      | Killed Jessica
  3838 | D:3      | Reached **** piety under Trog
  3850 | D:3      | Found a broken altar of Ashenzari.
  4206 | D:4      | Noticed Menkaure
  4212 | D:4      | Killed Menkaure
  4213 | D:4      | Reached skill level 2 in Slings
  4213 | D:4      | Reached skill level 2 in Evocations
  4277 | D:4      | Found an ancient bone altar of Kikubaaqudgha.
  4304 | D:4      | Reached skill level 4 in Armour
  4304 | D:4      | Reached skill level 3 in Evocations
  4330 | D:4      | Reached XP level 8. HP: 43/69 MP: 8/8
  4335 | D:4      | Reached skill level 9 in Axes
  4543 | D:4      | Got a transparent mace
  4544 | D:4      | Identified the +9 mace of Contention {drain, rF+ rC+ rN+}
                  | (You found it on level 4 of the Dungeon)
  4556 | D:4      | Reached skill level 4 in Evocations
  4671 | D:4      | Found Qorph's Serpentskin Sales.
  4683 | D:4      | Reached skill level 5 in Armour
  4696 | D:4      | Noticed Duvessa
  4702 | D:4      | Killed Duvessa
  4703 | D:4      | Noticed Dowan
  4712 | D:4      | Killed Dowan
  4713 | D:4      | Reached skill level 6 in Armour
  4815 | D:4      | Noticed Grinder
  4837 | D:4      | Killed Grinder
  4838 | D:4      | Reached skill level 10 in Axes
  4853 | D:4      | Found a transporter.
  4905 | D:4      | Identified the +0 spear of Hajum {venom, *Rage rPois rN++}
  4911 | D:4      | Found a transporter.
  5392 | D:5      | Entered Level 5 of the Dungeon
  5392 | D:5      | Noticed Eustachio
  5400 | D:5      | Killed Eustachio
  5401 | D:5      | Gained mutation: You passively map the area around you.
                  | [Deep Dwarf growth]
  5401 | D:5      | Reached XP level 9. HP: 76/76 MP: 9/9
  5418 | D:5      | Found a hazy altar of Hepliaklqana.
  5612 | D:5      | Reached skill level 7 in Armour
  5903 | D:5      | Reached skill level 4 in Fighting
  6003 | D:5      | Noticed Blork the orc
  6018 | D:5      | Killed Blork the orc
  6490 | D:4      | Noticed jonnos's ghost (amateur DDEn)
  6502 | D:4      | Killed jonnos's ghost
  6502 | D:4      | Reached ***** piety under Trog
  6689 | D:6      | Reached skill level 3 in Slings
  6694 | D:6      | Reached skill level 8 in Armour
  6742 | D:6      | Found a stormy altar of Qazlal.
  6917 | D:6      | Reached skill level 11 in Axes
  6945 | D:6      | Reached skill level 9 in Armour
  7140 | D:4      | Bought a +2 plate armour of poison resistance for 407 gold
                  | pieces
  7231 | D:6      | Reached skill level 10 in Armour
  7869 | D:7      | Received a gift from Trog
  7870 | D:7      | Reached XP level 10. HP: 60/87 MP: 10/10
  7969 | D:7      | Found an ornate altar of the Wu Jian Council.
  8099 | D:7      | Found a staircase to the Ecumenical Temple.
  8243 | Temple   | Entered the Ecumenical Temple
  8352 | D:7      | Reached skill level 11 in Armour
  8451 | D:8      | Found a shimmering altar of Xom.
  8520 | D:8      | Identified the Disquisition on Confrontation
  8527 | D:8      | Reached skill level 12 in Axes
  8628 | D:8      | Found a shadowy altar of Dithmenos.
  8628 | D:8      | Found a glowing golden altar of the Shining One.
  8630 | D:8      | Got a spiked leather armour
  8672 | D:8      | Found a bloodstained altar of Trog.
  8672 | D:8      | Noticed a two-headed ogre
  8731 | D:8      | Killed a two-headed ogre
  8732 | D:8      | Reached skill level 12 in Armour
  8785 | D:8      | Got a twisted dagger
  8790 | D:8      | Found a hide-covered altar of Uskayaw.
  8793 | D:8      | Found an opulent altar of Gozag.
  8818 | D:8      | Identified the +3 dagger of the Depths {elec, rPois rF+
                  | MR++ Dex-4} (You found it on level 8 of the Dungeon)
  8960 | D:9      | Found Xualytt's Armour Emporium.
  9078 | D:9      | Noticed a moth of wrath
  9079 | D:9      | Found a bloodstained altar of Trog.
  9079 | D:9      | Noticed Otor's ghost (novice BaFi)
  9079 | D:9      | Identified the +1 rapier of Doom {flame, *Slow +Inv rElec
                  | SInv}
  9080 | D:9      | Noticed a two-headed ogre
  9101 | D:9      | Noticed a cyclops
  9115 | D:9      | Found a transporter.
  9121 | D:9      | Found a transporter.
  9367 | D:9      | Found a runed translucent door.
  9376 | D:9      | Found a runed translucent door.
  9387 | D:9      | Found a runed translucent door.
  9390 | D:9      | Noticed an ice statue
  9399 | D:9      | Found a runed translucent door.
  9623 | D:10     | Entered Level 10 of the Dungeon
  9653 | D:10     | Reached skill level 13 in Armour
  9763 | D:10     | Reached skill level 13 in Axes
  9812 | D:10     | Killed an unseen horror
  9813 | D:10     | Reached XP level 11. HP: 62/93 MP: 11/11
  9924 | D:10     | Reached skill level 14 in Armour
 10001 | D:10     | Noticed an unseen horror
 10010 | D:10     | Killed an unseen horror
 10058 | D:10     | Noticed an unseen horror
 10081 | D:10     | Killed an unseen horror
 10082 | D:10     | Reached skill level 5 in Evocations
 10130 | D:10     | Identified the +8 trident of Impatience {drain, rN+ Str+4}
 10225 | D:10     | Found a staircase to the Lair.
 10289 | Lair:1   | Entered Level 1 of the Lair of Beasts
 10289 | Lair:1   | Noticed Sonja
 10341 | Lair:1   | Killed Sonja
 10342 | Lair:1   | Reached skill level 6 in Evocations
 10407 | Lair:1   | Received a gift from Trog
 10439 | Lair:1   | Reached skill level 15 in Armour
 10486 | Lair:1   | Noticed Gastronok
 10508 | Lair:1   | Killed Gastronok
 10509 | Lair:1   | Reached skill level 14 in Axes
 10509 | Lair:1   | Reached skill level 7 in Evocations
 10649 | Lair:1   | Reached skill level 8 in Evocations
 10705 | Lair:1   | Reached skill level 3 in Dodging
 10739 | Lair:1   | Noticed a seven-headed hydra
 10750 | Lair:1   | Killed a seven-headed hydra
 10751 | Lair:1   | Reached skill level 5 in Fighting
 10777 | Lair:1   | Reached XP level 12. HP: 81/103 MP: 12/12
 10920 | Lair:1   | Reached skill level 4 in Dodging
 11420 | Lair:2   | Reached skill level 5 in Dodging
 11427 | Lair:2   | Reached skill level 6 in Fighting
 11531 | Lair:2   | Noticed a seven-headed hydra
 11538 | Lair:2   | Killed a seven-headed hydra
 11551 | Lair:1   | Received a gift from Trog
 11758 | Lair:2   | Found a runed translucent door.
 11758 | Lair:2   | Noticed Tbird's ghost (journeyman FoNe)
 11859 | Lair:2   | Reached skill level 4 in Slings
 11877 | Lair:2   | Reached skill level 6 in Dodging
 11887 | Lair:2   | Reached skill level 15 in Axes
 12109 | Lair:2   | Got a pitted flail
 12457 | Lair:2   | Reached skill level 7 in Fighting
 12605 | Lair:3   | Found a dark tunnel.
 12614 | Volcano  | Entered a volcano
 12632 | Volcano  | Noticed an ogre mage
 12646 | Volcano  | Killed an ogre mage
 12651 | Volcano  | Found a bloodstained altar of Trog.
 12652 | Volcano  | Noticed a two-headed ogre
 12655 | Volcano  | Killed a two-headed ogre
 12656 | Volcano  | Reached skill level 7 in Dodging
 12658 | Volcano  | Noticed a two-headed ogre
 12658 | Volcano  | Noticed a two-headed ogre
 12663 | Volcano  | Killed a two-headed ogre
 12664 | Volcano  | Reached XP level 13. HP: 90/115 MP: 13/13
 12872 | Lair:3   | Reached skill level 16 in Axes
 13359 | Lair:3   | Found a staircase to the Shoals.
 13696 | Lair:4   | Found a sparkling altar of Nemelex Xobeh.
 13710 | Lair:4   | Reached skill level 8 in Dodging
 13742 | Lair:4   | Reached skill level 8 in Fighting
 13908 | Lair:4   | Received a gift from Trog
 13909 | Lair:4   | Got a steaming battleaxe {god gift}
 13910 | Lair:4   | Identified the +9 battleaxe "Hewaih" {flame, rElec rC+++
                  | MP-9} (Trog gifted it to you on level 4 of the Lair of
                  | Beasts)
 13970 | Lair:4   | Reached ****** piety under Trog
 14135 | Lair:4   | Found a hole to the Spider Nest.
 14162 | Lair:4   | Reached skill level 9 in Dodging
 14431 | Lair:5   | Reached skill level 17 in Axes
 14735 | Lair:5   | Found a viscous altar of Jiyva.
 14736 | Lair:5   | Found a staircase to the Slime Pits.
 15457 | Lair:6   | Entered Level 6 of the Lair of Beasts
 15474 | Lair:6   | Gained mutation: You resist negative energy. (rN+) [Deep
                  | Dwarf growth]
 15474 | Lair:6   | Reached XP level 14. HP: 121/127 MP: 5/14
 15483 | Lair:6   | Found a frozen archway.
 15494 | IceCv    | Entered an ice cave
 15596 | IceCv    | Reached skill level 9 in Fighting
 15694 | IceCv    | Received a gift from Trog
 15823 | IceCv    | Noticed a frost giant
 15839 | IceCv    | Reached skill level 9 in Evocations
 15843 | IceCv    | Killed a frost giant
 15859 | IceCv    | Reached skill level 10 in Dodging
 16231 | Lair:6   | Received a gift from Trog
 16234 | Lair:6   | Got a buzzing quarterstaff {god gift}
 16278 | Lair:6   | Reached skill level 10 in Evocations
 16574 | Lair:6   | Reached skill level 10 in Fighting
 16898 | Lair:6   | Received a gift from Trog
 16903 | Lair:6   | Got a smoking executioner's axe {god gift}
 16904 | Lair:6   | Identified the +10 executioner's axe "Qiohauj" {vorpal,
                  | Fragile rC++ Str+3 Dex-3} (Trog gifted it to you on level 6
                  | of the Lair of Beasts)
 16920 | Lair:6   | Reached skill level 18 in Axes
 16955 | Lair:6   | Reached skill level 11 in Dodging
 17022 | Lair:6   | Reached skill level 11 in Evocations
 17095 | Lair:6   | Reached XP level 15. HP: 101/138 MP: 6/15
 17241 | Lair:6   | Got a faintly glowing morningstar
 17247 | Lair:6   | Identified the +4 morningstar of Infection {speed, rPois
                  | rC- Str+3} (You found it on level 6 of the Lair of Beasts)
 17633 | D:11     | Found a portal to a secret trove of treasure.
 17647 | D:11     | Noticed Psyche
 17662 | D:11     | Killed Psyche
 17828 | D:11     | Noticed Erica
 17838 | D:11     | Killed Erica
 18225 | D:12     | Noticed Erolcha
 18343 | D:12     | Noticed Urug
 18364 | D:12     | Killed Urug
 18387 | D:12     | Killed Erolcha
 18479 | D:12     | Received a gift from Trog
 18490 | D:12     | Noticed Rupert
 18492 | D:12     | Noticed Nessos
 18569 | D:12     | Killed Rupert
 18570 | D:12     | Reached skill level 5 in Slings
 18570 | D:12     | Reached skill level 12 in Evocations
 18580 | D:12     | Killed Nessos
 18734 | D:12     | Reached skill level 11 in Fighting
 18734 | D:12     | Reached skill level 12 in Dodging
 18898 | D:12     | Received a gift from Trog
 18986 | D:12     | Found a staircase to the Orcish Mines.
 19206 | D:12     | Found a large runed translucent door.
 19206 | D:12     | Found a large runed translucent door.
 19458 | D:12     | Found an opulent altar of Gozag.
 19465 | D:12     | Reached skill level 6 in Slings
 19484 | D:12     | Found a sparkling altar of Nemelex Xobeh.
 19626 | D:13     | Found a basalt altar of Yredelemnul.
 19818 | D:13     | Found a gate to the Vaults.
 19833 | D:13     | Reached skill level 1 in Throwing
 20176 | D:14     | Received a gift from Trog
 20185 | D:14     | Found Ehus's Weapon Emporium.
 20242 | D:14     | You fall into a shaft and drop 1 floor!
 20242 | D:15     | Entered Level 15 of the Dungeon
 20254 | D:15     | Found a snail-covered altar of Cheibriados.
 20254 | D:15     | Found a glowing golden altar of the Shining One.
 20256 | D:15     | Found a snail-covered altar of Cheibriados.
 20327 | D:15     | Reached skill level 2 in Throwing
 20328 | D:15     | Reached XP level 16. HP: 102/151 MP: 7/16
 20745 | D:14     | Reached skill level 3 in Throwing
 20903 | D:14     | Received a gift from Trog
 20911 | D:14     | Reached skill level 19 in Axes
 20927 | D:14     | Got a jewelled battleaxe {god gift}
 20928 | D:14     | Identified the +6 battleaxe of Trog's Righteous Fury
                  | {vorpal, *Contam rPois Int+5 Stlth+} (Trog gifted it to you
                  | on level 14 of the Dungeon)
 21056 | D:14     | Reached skill level 13 in Dodging
 21309 | D:15     | Reached skill level 4 in Throwing
 21384 | D:15     | Found a staircase to the Depths.
 21572 | D:15     | Reached skill level 12 in Fighting
 21808 | D:15     | Got a scorched golden ring
 21810 | D:15     | Identified the ring "Mexonoc" {Fire rN+ Str+2 Stlth-} (You
                  | found it on level 15 of the Dungeon)
 21902 | D:15     | Reached skill level 5 in Throwing
 22150 | D:15     | Noticed a sphinx
 22161 | D:15     | Killed a sphinx
 22165 | D:15     | Received a gift from Trog
 22214 | D:15     | Identified a scroll of acquirement
 22215 | D:15     | Acquired the ring of the Slug {rF++ Str+6}
 22256 | D:15     | Acquired 1021 gold pieces
 22801 | Orc:1    | Entered Level 1 of the Orcish Mines
 22899 | Orc:1    | Reached XP level 17. HP: 162/162 MP: 17/17
 22901 | Orc:1    | Found a roughly hewn altar of Beogh.
 22909 | Orc:1    | Found a flagged portal.
 22921 | Orc:1    | Received a gift from Trog
 22954 | Bailey   | Entered a bailey
 22991 | Bailey   | Found an iron altar of Okawaru.
 23585 | Orc:2    | Entered Level 2 of the Orcish Mines
 23585 | Orc:2    | Found a roughly hewn altar of Beogh.
 23594 | Orc:2    | Found Ceonih's Weapon Emporium.
 23694 | Orc:2    | Found a flickering gateway to a bazaar.
 23707 | Bazaar   | Entered a bazaar
 23709 | Bazaar   | Found Koto's Armour Boutique.
 23713 | Bazaar   | Bought a +2 pair of gloves of strength for 344 gold pieces
 23724 | Bazaar   | Found Zudajuho's Gadget Boutique.
 23724 | Bazaar   | Found Feruink's Book Boutique.
 23725 | Bazaar   | Found Erchiodorch's Armour Boutique.
 23730 | Bazaar   | Bought the +2 ratskin cloak {*Rats rPois rN+ Str-1 Int-1
                  | Dex+1} for 417 gold pieces
 23730 | Bazaar   | Found the +2 ratskin cloak {*Rats rPois rN+ Str-1 Int-1
                  | Dex+1}
 23751 | Bazaar   | Bought a manual of Throwing for 1324 gold pieces
 23766 | Orc:2    | Received a gift from Trog
 23820 | Orc:2    | Found a staircase to the Elven Halls.
 23820 | Orc:2    | Found Naasm's Armour Shop.
 23949 | Orc:2    | Found Voakhont's Weapon Boutique.
 23949 | Orc:2    | Found Kausur's Magic Scroll Emporium.
 23949 | Orc:2    | Found Dilekh's Antique Weapon Boutique.
 23949 | Orc:2    | Found Lil Sod's Distillery.
 24035 | Orc:2    | Bought a scroll of fog for 34 gold pieces
 24035 | Orc:2    | Bought a scroll of enchant weapon for 127 gold pieces
 24035 | Orc:2    | Bought a scroll of enchant armour for 127 gold pieces
 24035 | Orc:2    | Bought a scroll of enchant weapon for 127 gold pieces
 24035 | Orc:2    | Bought a scroll of enchant armour for 127 gold pieces
 24035 | Orc:2    | Bought a scroll of magic mapping for 59 gold pieces
 24035 | Orc:2    | Bought a scroll of blinking for 127 gold pieces
 24037 | Orc:2    | Bought a potion of lignification for 45 gold pieces
 24104 | Orc:2    | Reached skill level 6 in Throwing
 24124 | Orc:2    | Noticed Snorg
 24131 | Orc:2    | Killed Snorg
 24143 | Orc:2    | Noticed Donald
 24149 | Orc:2    | Killed Donald
 25241 | Spider:1 | Entered Level 1 of the Spider Nest
 25250 | Spider:1 | Reached skill level 14 in Dodging
 25259 | Spider:1 | Received a gift from Trog
 25260 | Spider:1 | Got a dazzling executioner's axe {god gift}
 25261 | Spider:1 | Identified the +9 executioner's axe "Beetle's Funeral"
                  | {vorpal, Dex+2} (Trog gifted it to you on level 1 of the
                  | Spider Nest)
 25279 | Spider:1 | Reached skill level 7 in Throwing
 25297 | Spider:1 | Reached skill level 20 in Axes
 25308 | Spider:1 | Reached skill level 8 in Throwing
 26006 | Spider:2 | Noticed Aizul
 26020 | Spider:2 | Killed Aizul
 26214 | Spider:2 | Reached skill level 16 in Armour
 26364 | Spider:2 | Reached skill level 9 in Throwing
 26821 | Spider:3 | Received a gift from Trog
 27294 | Spider:3 | Reached skill level 13 in Fighting
 27352 | Spider:3 | Received a gift from Trog
 27408 | Spider:3 | Noticed Louise
 27419 | Spider:3 | Killed Louise
 27483 | Spider:4 | Entered Level 4 of the Spider Nest
 27485 | Spider:4 | Reached skill level 10 in Throwing
 27993 | Spider:4 | Gained mutation: You passively map a large area around you.
                  | [Deep Dwarf growth]
 27993 | Spider:4 | Reached XP level 18. HP: 129/171 MP: 9/18
 28356 | Spider:4 | Received a gift from Trog
 28664 | Spider:4 | Reached skill level 11 in Throwing
 28677 | Spider:4 | Reached skill level 15 in Dodging
 28867 | Spider:4 | Got a gossamer rune of Zot
 29204 | Shoals:1 | Entered Level 1 of the Shoals
 29340 | Shoals:1 | Found the +8 autumn katana {vorpal, Clar}
 29356 | Shoals:1 | Found Xut Omuf's Jewellery Shop.
 29373 | Shoals:1 | Bought the ring "Uppupo" {rC+ rN+} for 506 gold pieces
 29481 | Shoals:1 | Identified Roxanne's Handbook of the Rocks
 29481 | Shoals:1 | Noticed Roxanne
 29518 | Shoals:1 | Reached skill level 12 in Throwing
 30679 | Shoals:3 | Reached skill level 17 in Armour
 30757 | Shoals:3 | Received a gift from Trog
 30851 | Shoals:3 | Found Kuuddeh's Magic Scroll Shop.
 30878 | Shoals:3 | Bought a scroll of acquirement for 728 gold pieces
 30878 | Shoals:3 | Bought a scroll of blinking for 105 gold pieces
 30878 | Shoals:3 | Bought a scroll of fog for 28 gold pieces
 30878 | Shoals:3 | Bought a scroll of fog for 28 gold pieces
 30878 | Shoals:3 | Acquired the +3 sling "Punk" {acid, rCorr}
 30879 | Shoals:3 | Found the +3 sling "Punk" {acid, rCorr}
 31591 | Shoals:3 | Noticed Ilsuiw
 31594 | Shoals:3 | Identified the +1 robe "Wadauwk" {rPois Int-2 SInv}
 31616 | Shoals:3 | Killed Ilsuiw
 31617 | Shoals:3 | Reached skill level 7 in Slings
 32101 | Shoals:3 | Reached skill level 8 in Slings
 32501 | Shoals:4 | Entered Level 4 of the Shoals
 32596 | Shoals:4 | Reached skill level 9 in Slings
 32855 | Shoals:4 | Received a gift from Trog
 32898 | Shoals:4 | Reached skill level 10 in Slings
 33109 | Shoals:4 | Reached XP level 19. HP: 181/181 MP: 19/19
 33214 | Shoals:4 | Acquired the +5 pair of boots of Waphaub {rC- MR+ Dex+6}
 33493 | Shoals:4 | Got a barnacled rune of Zot
 34077 | Vaults:1 | Entered Level 1 of the Vaults
 34110 | Vaults:1 | Got a jewelled chain mail
 34111 | Vaults:1 | Identified the +1 chain mail of Indemnity {Harm MR+} (You
                  | found it on level 1 of the Vaults)
 34200 | Vaults:1 | Received a gift from Trog
 34207 | Vaults:1 | Reached skill level 14 in Fighting
 34462 | Vaults:1 | Found a runed translucent gate.
 34462 | Vaults:1 | Noticed Wueresid's ghost (adept DEWz)
 34463 | Vaults:1 | Found a runed translucent gate.
 34463 | Vaults:1 | Found a runed translucent gate.
 34463 | Vaults:1 | Identified the +6 hand crossbow of World's End {flame, rC+
                  | Dex+2 SInv}
 34882 | Vaults:1 | Received a gift from Trog
 34885 | Vaults:1 | Reached skill level 16 in Dodging
 35389 | Vaults:1 | Reached skill level 13 in Throwing
 35804 | Vaults:1 | Found an iron altar of Okawaru.
 36118 | Vaults:2 | Received a gift from Trog
 36159 | Vaults:2 | Reached skill level 18 in Armour
 36166 | Vaults:2 | Found a staircase to the Crypt.
 36488 | Vaults:2 | You fall into a shaft and drop 1 floor!
 36508 | Vaults:3 | Reached XP level 20. HP: 166/192 MP: 11/20
 37100 | Vaults:2 | Received a gift from Trog
 37380 | Vaults:2 | Reached skill level 15 in Fighting
 38029 | Vaults:3 | Reached skill level 17 in Dodging
 38309 | Vaults:3 | Received a gift from Trog
 38367 | Vaults:3 | Identified the Volume of Ignition
 38643 | Vaults:3 | Reached skill level 14 in Throwing
 39178 | Vaults:4 | Received a gift from Trog
 39622 | Vaults:4 | Reached skill level 19 in Armour
 39633 | Vaults:4 | Reached XP level 21. HP: 202/202 MP: 21/21
 39783 | Vaults:4 | Received a gift from Trog
 40008 | Vaults:4 | Received a gift from Trog
 40216 | Vaults:1 | Got a brightly glowing battleaxe {god gift}
 40217 | Vaults:1 | Identified the +3 battleaxe of Day {antimagic, MR+} (Trog
                  | gifted it to you on level 1 of the Vaults)
 40516 | Vaults:4 | Reached skill level 16 in Fighting
 40739 | Vaults:4 | Reached skill level 15 in Throwing
 40922 | Vaults:4 | Received a gift from Trog
 41537 | Elf:1    | Entered Level 1 of the Elven Halls
 41554 | Elf:1    | Reached skill level 13 in Evocations
 41644 | Elf:1    | Noticed Frances
 41658 | Elf:1    | Killed Frances
 41909 | Elf:1    | Reached skill level 18 in Dodging
 41914 | Elf:1    | Noticed Azrael
 41934 | Elf:1    | Killed Azrael
 42116 | Elf:1    | Noticed Asterion
 42133 | Elf:1    | Killed Asterion
 42605 | Elf:2    | Received a gift from Trog
 42617 | Elf:2    | Reached skill level 14 in Evocations
 42639 | Elf:2    | Found a runed translucent gate.
 42639 | Elf:2    | Found a runed translucent gate.
 42639 | Elf:2    | Found a runed translucent gate.
 43048 | Elf:2    | Reached XP level 22. HP: 213/213 MP: 22/22
 43370 | Elf:3    | Entered Level 3 of the Elven Halls
 43689 | Elf:3    | Found Kuduodin's Armour Emporium.
 43872 | Elf:3    | Received a gift from Trog
 43873 | Elf:3    | Reached skill level 15 in Evocations
 43977 | Elf:3    | Reached skill level 19 in Dodging
 44160 | Elf:3    | Identified the +1 quarterstaff "Naall" {speed, rElec rF+
                  | Int+3}
 44207 | Elf:3    | Identified the +8 chain mail "Osoa" {MR+ Regen+ Str-3
                  | Dex+5}
 44215 | Elf:3    | Received a gift from Trog
 44228 | Elf:3    | Identified the +6 battleaxe "Ivoufrutz" {vorpal, Int+2
                  | SInv} (Trog gifted it to you on level 3 of the Elven Halls)
 44260 | Elf:3    | Identified the cursed +2 war axe of Shame {freeze, rElec
                  | rC+ Dex+2}
 44378 | Elf:3    | Identified Sif Muna's Reference Book on the Unholy
                  | Frostbite
 44448 | Elf:3    | Identified the Guide on Lightness and Earth
 45044 | Lair:2   | Killed Tbird's ghost
 45224 | D:9      | Killed Otor's ghost
 45501 | Depths:1 | Entered Level 1 of the Depths
 45673 | Depths:1 | Received a gift from Trog
 45751 | Depths:1 | Found a gateway to Hell.
 45856 | Depths:1 | Reached skill level 20 in Armour
 45991 | Depths:1 | Found a one-way gate leading to the halls of Pandemonium.
 46129 | Depths:1 | Received a gift from Trog
 46618 | Depths:2 | Reached skill level 21 in Axes
 46644 | Depths:2 | Noticed Nikola
 46672 | Depths:2 | Killed Nikola
 46702 | Depths:2 | Reached XP level 23. HP: 223/223 MP: 16/23
 47108 | Depths:2 | Received a gift from Trog
 47291 | Depths:2 | Reached skill level 20 in Dodging
 47431 | Depths:2 | Found Xeavel Lourr's Island Escapes.
 47447 | Depths:2 | Bought a wand of digging (7) for 418 gold pieces
 47460 | Depths:2 | Reached skill level 17 in Fighting
 47559 | Depths:2 | Found a gateway to a ziggurat.
 47615 | Depths:2 | Found Faxkiywo's Magic Scroll Shop.
 47620 | Depths:2 | Bought a scroll of blinking for 105 gold pieces
 47620 | Depths:2 | Bought a scroll of magic mapping for 49 gold pieces
 47620 | Depths:2 | Bought a scroll of immolation for 49 gold pieces
 47620 | Depths:2 | Bought a scroll of magic mapping for 49 gold pieces
 47749 | Depths:3 | Paralysed by a floating eye for 3 turns
 47856 | Depths:3 | Received a gift from Trog
 48091 | Depths:3 | Paralysed by a floating eye for 2 turns
 48143 | Depths:3 | Noticed a caustic shrike
 48144 | Depths:3 | Noticed a caustic shrike
 48144 | Depths:3 | Noticed a caustic shrike
 48144 | Depths:3 | Noticed a caustic shrike
 48145 | Depths:3 | Noticed a caustic shrike
 48154 | Depths:3 | Killed a caustic shrike
 48154 | Depths:3 | Received a gift from Trog
 48162 | Depths:3 | Killed a caustic shrike
 48167 | Depths:3 | Killed a caustic shrike
 48174 | Depths:3 | Killed a caustic shrike
 48184 | Depths:3 | Killed a caustic shrike
 48208 | Depths:3 | Found Wuom's Weapon Emporium.
 48242 | Depths:3 | Reached skill level 21 in Armour
 48414 | Depths:3 | Reached XP level 24. HP: 235/235 MP: 15/23
 48544 | Depths:3 | Received a gift from Trog
 49043 | Depths:4 | Found Soqor's Antique Armour Emporium.
 49053 | Depths:4 | Bought the +2 hat of the Bear Spirit {Spirit, +Rage rN+
                  | MR++} for 1603 gold pieces
 49053 | Depths:4 | Found the +2 hat of the Bear Spirit {Spirit, +Rage rN+
                  | MR++}
 49053 | Depths:4 | Found Jafodoli's Gadget Emporium.
 49252 | Depths:4 | Reached skill level 22 in Axes
 49439 | Depths:4 | Found an iron altar of Okawaru.
 49497 | Depths:4 | Found a one-way gate to the infinite horrors of the Abyss.
 49552 | Depths:4 | Received a gift from Trog
 49803 | Depths:4 | Noticed Mara
 49831 | Depths:4 | Noticed araganzar's illusion
 49843 | Depths:4 | Killed Mara
 49844 | Depths:4 | Reached skill level 21 in Dodging
 50138 | Depths:5 | Entered Level 5 of the Depths
 50172 | Depths:5 | Reached skill level 16 in Evocations
 50313 | Depths:4 | Reached skill level 18 in Fighting
 50453 | Depths:4 | Received a gift from Trog
 50485 | Depths:5 | Noticed a juggernaut
 50500 | Depths:5 | Killed a juggernaut
 50763 | Depths:5 | Found a gate to the Realm of Zot.
 50859 | Depths:5 | Received a gift from Trog
 50954 | Depths:5 | Reached XP level 25. HP: 244/244 MP: 23/23
 51671 | Lair:1   | araganzar: ?lignificaton
 51671 | Lair:1   | araganzar: ??lignification
 51671 | Lair:1   | beem: potion of lignification[1/2]: Causes temporary
                  | uncancellable (but cancellationable!) {tree form}.
 51671 | Lair:1   | araganzar: ??tree form
 51671 | Lair:1   | beem: tree form[1/3]: Immobile form with -Tele, +50% HP, 20
                  | + XL/2 AC, minimal EV, rN+++, rPois, torment immunity, and
                  | gives +12 base UC damage. Unlike statue form, tree form
                  | does NOT give rot or poison immunity.
 51671 | Lair:1   | araganzar: ??tree form[2
 51671 | Lair:1   | beem: tree form[2/3]: !lg tlatlagkaus xl=27 oghu 1 -tv
 51671 | Lair:1   | araganzar: ??tree form[3
 51671 | Lair:1   | beem: tree form[3/3]: !lg cerealjynx xl=27 mimo 3 -tv
 51890 | Crypt:1  | Entered Level 1 of the Crypt
 51925 | Crypt:1  | Noticed Margery
 51937 | Crypt:1  | Killed Margery
 52009 | Crypt:1  | Noticed Mennas
 52034 | Crypt:1  | Killed Mennas
 52035 | Crypt:1  | Reached skill level 17 in Evocations
 52166 | Crypt:1  | Received a gift from Trog
 52286 | Crypt:1  | Reached skill level 22 in Armour
 52365 | Crypt:1  | Noticed Boris
 52384 | Crypt:1  | Killed Boris
 52427 | Crypt:1  | Acquired a manual of Dodging
 52522 | Crypt:1  | Reached skill level 22 in Dodging
 52541 | Crypt:1  | Received a gift from Trog
 53040 | Vaults:5 | Entered Level 5 of the Vaults
 53084 | Vaults:5 | Reached skill level 23 in Axes
 53113 | Vaults:5 | Reached skill level 23 in Dodging
 53150 | Vaults:5 | Received a gift from Trog
 53173 | Vaults:5 | Noticed an ancient lich
 53188 | Vaults:5 | Killed an ancient lich
 53265 | Vaults:5 | Reached skill level 24 in Dodging
 53270 | Vaults:5 | Identified the amulet "Gilethi" {Spirit rF+ Slay+2 SInv}
 53309 | Vaults:5 | Received a gift from Trog
 53423 | Vaults:5 | Got a transparent scale mail
 53471 | Vaults:5 | Noticed Sojobo
 53487 | Vaults:5 | Killed Sojobo
 53488 | Vaults:5 | Reached XP level 26. HP: 201/255 MP: 14/23
 53552 | Vaults:5 | Got a thick robe
 53647 | Vaults:5 | Got a pair of pitted gloves
 53648 | Vaults:5 | Identified the cursed -5 pair of gloves of Complete
                  | Protection {rF+ Int+4} (You found it on level 5 of the
                  | Vaults)
 53673 | Vaults:5 | Got a silver rune of Zot
 53675 | Vaults:5 | Identified the Disquisition on Creative Transformation
 53681 | Vaults:5 | Received a gift from Trog
 53746 | Vaults:5 | Identified the +7 lajatang "Seopusih" {flame, rPois Str+3}
 53831 | Vaults:5 | Identified the cursed +0 hand axe "Jaet" {drain, rC+ Str+4
                  | Stlth+}
 53837 | Vaults:5 | Reached skill level 24 in Axes
 53844 | Vaults:5 | Found the +3 giant club "Skullcrusher" {speed, Str+7}
 54247 | Vaults:5 | Reached skill level 19 in Fighting
 55220 | Temple   | Fell from the grace of Trog
 55220 | Temple   | Became a worshipper of Makhleb the Destroyer
 55221 | Temple   | Upgraded the game from 0.26-a0-854-gdc81c2f to
                  | 0.26-a0-858-gbf76662
 55431 | Lair:1   | Learned a level 1 spell: Animate Skeleton
 55433 | Lair:1   | Learned a level 1 spell: Sandblast
 56046 | Lair:6   | Identified the Grimoire of the Mountains and the Glacier
 56554 | Elf:3    | Identified the Compendium of Ghastly Intoxication
 56855 | D:14     | Identified the Grimoire of Glacial Sinister Arts
 57528 | Depths:4 | Voluntarily entered the Abyss.
 57529 | Abyss:1  | Found a corrupted altar of Lugonu.
 57568 | Abyss:1  | Reached skill level 1 in Invocations
 57613 | Abyss:1  | Reached skill level 2 in Invocations
 57634 | Abyss:1  | Reached skill level 3 in Invocations
 57760 | Abyss:1  | Reached skill level 4 in Invocations
 57866 | Abyss:1  | Reached * piety under Makhleb
 57910 | Abyss:1  | Found a shimmering altar of Xom.
 57979 | Abyss:1  | Reached skill level 5 in Invocations
 58126 | Abyss:1  | Gained mutation: You possess an exceptional clarity of
                  | mind. [a neqoxec]
 58133 | Abyss:1  | Reached skill level 6 in Invocations
 58164 | Abyss:1  | Reached ** piety under Makhleb
 58371 | Abyss:1  | Found a corrupted altar of Lugonu.
 58494 | Abyss:1  | Reached skill level 7 in Invocations
 58515 | Abyss:1  | Gained mutation: You are frail. (-10% HP) [a neqoxec]
 58609 | Abyss:1  | Found a corrupted altar of Lugonu.
 58716 | Abyss:1  | Reached skill level 8 in Invocations
 58811 | Abyss:2  | Found a burning altar of Makhleb.
 58867 | Abyss:2  | Reached skill level 9 in Invocations
 58910 | Abyss:3  | Reached *** piety under Makhleb
 58937 | Abyss:3  | Reached skill level 10 in Invocations
 58945 | Abyss:3  | Got an abyssal rune of Zot
 59000 | Abyss:3  | Reached skill level 11 in Invocations
 59023 | Abyss:3  | Noticed an ancient lich
 59051 | Depths:4 | Escaped the Abyss
 59056 | Depths:4 | Learned a level 1 spell: Apportation
 59060 | Depths:4 | Learned a level 3 spell: Frozen Ramparts
 59488 | Slime:1  | Entered Level 1 of the Pits of Slime
 59579 | Slime:2  | Reached **** piety under Makhleb
 59583 | Slime:2  | You fall into a shaft and drop 2 floors!
 59590 | Slime:4  | Reached skill level 12 in Invocations
 59724 | Slime:5  | Entered Level 5 of the Pits of Slime
 59750 | Slime:5  | Reached skill level 13 in Invocations
 59830 | Slime:5  | Found a viscous altar of Jiyva.
 59836 | Slime:5  | Noticed the Royal Jelly
 59852 | Slime:5  | Killed the Royal Jelly
 59853 | Slime:5  | Reached skill level 14 in Invocations
 59904 | Slime:5  | Reached skill level 15 in Invocations
 59908 | Slime:5  | Reached skill level 1 in Earth Magic
 59951 | Slime:5  | Identified the Handbook of Fire and Poison
 59964 | Slime:5  | Got a vibrating granite ring
 59965 | Slime:5  | Identified the ring of the Kangaroo {*Slow rPois MP+9 SInv
                  | Stlth+} (You found it on level 5 of the Pits of Slime)
 59991 | Slime:5  | Got a slimy rune of Zot
 60020 | Slime:5  | Identified the Papyrus of the Ten Bounties
 60034 | Slime:5  | Learned a level 9 spell: Shatter
 60272 | Lair:1   | Paralysed by Trog for 4 turns
 60552 | Hell     | Entered the Vestibule of Hell
 60552 | Hell     | Noticed Geryon
 60572 | Hell     | Killed Geryon
 60573 | Hell     | Reached skill level 1 in Spellcasting
 60573 | Hell     | Reached skill level 2 in Earth Magic
 60578 | Hell     | Gained mutation: You occasionally shout uncontrollably at
                  | your foes. [a cacodemon]
 60579 | Hell     | Gained mutation: Your body sometimes deteriorates upon
                  | taking damage. [a cacodemon]
 60581 | Hell     | Reached XP level 27. HP: 238/238 MP: 34/34
 60584 | Hell     | Reached skill level 3 in Earth Magic
 61954 | Lair:1   | Lost mutation: You occasionally shout uncontrollably at
                  | your foes. [potion of mutation]
 61954 | Lair:1   | Lost mutation: Your body sometimes deteriorates upon taking
                  | damage. [potion of mutation]
 61954 | Lair:1   | Lost mutation: You are frail. (-10% HP) [potion of
                  | mutation]
 61954 | Lair:1   | Gained mutation: You are agile. (Dex +2) [potion of
                  | mutation]
 61954 | Lair:1   | Gained mutation: You are resistant to hostile enchantments.
                  | (MR+) [potion of mutation]
 61954 | Lair:1   | Gained mutation: You are covered in fur. (AC +1) [potion of
                  | mutation]
 62027 | D:11     | You showed the abyssal rune of Zot to enter a treasure
                  | trove
 62028 | Trove    | Entered a treasure trove
 62055 | Trove    | Got a heavily runed kite shield
 62078 | Trove    | Got a wavering ivory ring
 62079 | Trove    | Identified the ring of Enetta {MR+ Int+4} (You found it in
                  | a treasure trove)
 62093 | Trove    | Got a crude leather armour
 62098 | Trove    | Identified the +0 kite shield of Honour {-Tele +Fly rN+
                  | rCorr} (You found it in a treasure trove)
 62114 | D:11     | Reached skill level 3 in Spellcasting
 62114 | D:11     | Reached skill level 5 in Earth Magic
 62115 | D:11     | Reached skill level 3 in Translocations
 62115 | D:11     | Reached skill level 7 in Earth Magic
 62119 | D:11     | Learned a level 2 spell: Blink
 62481 | Hell     | Found a gateway to the Iron City of Dis.
 62492 | Hell     | Reached skill level 1 in Necromancy
 62492 | Hell     | Reached skill level 4 in Translocations
 62558 | Hell     | Reached skill level 8 in Earth Magic
 62563 | Hell     | Reached skill level 2 in Necromancy
 62564 | Hell     | Reached skill level 4 in Spellcasting
 62580 | Hell     | Reached skill level 3 in Necromancy
 62642 | Hell     | Found a gateway to the freezing wastes of Cocytus.
 62684 | Hell     | Reached skill level 4 in Necromancy
 62754 | Hell     | Found a gateway to the decaying netherworld of Tartarus.
 62759 | Hell     | Reached skill level 5 in Necromancy
 62770 | Hell     | Reached skill level 9 in Earth Magic
 62865 | Hell     | Found a gateway to the ashen valley of Gehenna.
 63112 | Zot:1    | Entered Level 1 of the Realm of Zot
 63224 | Zot:1    | Reached skill level 6 in Necromancy
 63385 | Zot:1    | Reached skill level 10 in Earth Magic
 63397 | Zot:1    | Reached ***** piety under Makhleb
 63449 | Zot:1    | Reached skill level 16 in Invocations
 63755 | Zot:1    | Reached skill level 17 in Invocations
 64331 | Zot:2    | Reached skill level 18 in Invocations
 64343 | Zot:2    | Found a transporter.
 64343 | Zot:2    | Noticed an ancient lich
 64343 | Zot:2    | Noticed Muataran's ghost (veteran MiMo)
 64345 | Zot:2    | Noticed an orb of fire
 64348 | Zot:2    | Found a transporter.
 64411 | Zot:2    | Gained mutation: You are frail. (-10% HP) [an orb of fire]
 64423 | Zot:2    | Killed an ancient lich
 64423 | Zot:2    | Gained mutation: You are very frail. (-20% HP) [an orb of
                  | fire]
 64424 | Zot:2    | Gained mutation: You are dopey. (Int -2) [an orb of fire]
 64426 | Zot:2    | Killed an orb of fire
 64427 | Zot:2    | Reached skill level 19 in Invocations
 64457 | Zot:2    | Killed Muataran's ghost
 64467 | Zot:2    | Got a transparent lapis lazuli ring
 64469 | Zot:2    | Identified the ring "Kingeoxiuzo" {+Fly rPois rC+++ MR-
                  | Dex+4} (You found it on level 2 of the Realm of Zot)
 64476 | Zot:2    | Got a warped gossamer ring
 64477 | Zot:2    | Identified the ring of Mepiqy {+Inv rF+ MP-9 Slay+2 Stlth-}
                  | (You found it on level 2 of the Realm of Zot)
 64901 | Lair:1   | Lost mutation: You are very frail. (-20% HP) [potion of
                  | mutation]
 64901 | Lair:1   | Lost mutation: You are resistant to hostile enchantments.
                  | (MR+) [potion of mutation]
 64901 | Lair:1   | Gained mutation: You have sharp fingernails. [potion of
                  | mutation]
 64901 | Lair:1   | Lost mutation: You possess an exceptional clarity of mind.
                  | [potion of mutation]
 64901 | Lair:1   | Gained mutation: You are surrounded by a mild repulsion
                  | field. (EV +2) [potion of mutation]
 65563 | Zot:2    | Reached skill level 20 in Invocations
 65590 | Zot:2    | Identified the Catalogue of Curses and the Entourage
 65606 | Zot:2    | Got a steaming tin ring
 65608 | Zot:2    | Identified the ring of Ephemeral Luck {+Fly rF++ SInv} (You
                  | found it on level 2 of the Realm of Zot)
 65777 | Zot:2    | Got a heavily runed silver amulet
 65781 | Zot:2    | Identified the amulet "Umero" {Acrobat rPois rF- MP+9
                  | Stlth+} (You found it on level 2 of the Realm of Zot)
 66096 | Zot:3    | Reached skill level 21 in Invocations
 66102 | Zot:3    | Learned a level 5 spell: Borgnjor's Vile Clutch
 66137 | Zot:3    | Learned a level 5 spell: Silence
 66141 | Zot:3    | Learned a level 3 spell: Vampiric Draining
 66258 | Zot:3    | Got a jewelled scale mail
 66446 | Zot:3    | You fall into a shaft and drop 1 floor!
 66520 | Zot:3    | Reached skill level 7 in Necromancy
 67118 | Zot:4    | Reached ****** piety under Makhleb
 67231 | Zot:4    | Reached skill level 8 in Necromancy
 67580 | Zot:4    | araganzar: ??oof
 67580 | Zot:4    | beem: orb of fire[1/4]: Lots of health, immune to elemental
                  | (except for cold, which it only resists) and necromantic
                  | attacks, insane damage fire spells (fireball maxes at 129)
                  | and a mutating spell. Never underestimate their power, lest
                  | you snatch defeat from the jaws of victory. Fast!
 67580 | Zot:4    | araganzar: ??oof[2
 67580 | Zot:4    | beem: orb of fire[2/4]: The orb of fire glows yellow.
                  | Strange energies course through your body. A pair of horns
                  | grows on your head! _The +2 helmet of Saih {+Rage rF++}
                  | falls away!
 67580 | Zot:4    | araganzar: ??help
 67580 | Zot:4    | beem: help[1/5]: !help (I need somebody) !help (not just
                  | anybody) Try
                  | https://github.com/crawl/sequell/blob/master/docs/listgame.
                  | md or
                  | https://github.com/crawl/sequell/blob/master/docs/learndb.m
                  | d
 67580 | Zot:4    | araganzar: !help
 67580 | Zot:4    | beem: I'm a chat bot that sends commands to the DCSS IRC
                  | knowledge bots. Type !subscribe and I'll watch all your
                  | games; type !unsubscribe to make me go away. Use
                  | !sequellhelp for the original Sequell help command. Bots
                  | with a different name that act similarly are either for ban
                  | evasion or falsely advertising spam and are not the current
                  | beem bot.
 67580 | Zot:4    | araganzar: !?orb of fire
 67580 | Zot:4    | araganzar: ??orb of fire[3
 67580 | Zot:4    | beem: orb of fire[3/4]:
                  | http://www.theonion.com/audio/fire-hot-14061
 67580 | Zot:4    | araganzar: !sequallhelp
 67580 | Zot:4    | araganzar: !sequellhelp
 67580 | Zot:4    | beem: ]!help [CMD] displays help on a command. For a list
                  | of commands, use `!cmdinfo` for built-ins, and `!cmd -ls`
                  | for user-defined commands.
 67580 | Zot:4    | araganzar: !cmdinfo
 67580 | Zot:4    | beem: ]!apt !cdefine !cmd !cmdinfo !fn !ftw !function
                  | !gamesby !help !kw !learn !lg !lm !messages !nick !rng
                  | !seen !source !streak !tell !time !vault !won !wtf .echo
 67580 | Zot:4    | araganzar: !?orb of fire
 67580 | Zot:4    | araganzar: ?!test
 67580 | Zot:4    | araganzar: !!test
 67580 | Zot:4    | araganzar: !!orb of fire
 67580 | Zot:4    | araganzar: !help
 67580 | Zot:4    | beem: I'm a chat bot that sends commands to the DCSS IRC
                  | knowledge bots. Type !subscribe and I'll watch all your
                  | games; type !unsubscribe to make me go away. Use
                  | !sequellhelp for the original Sequell help command. Bots
                  | with a different name that act similarly are either for ban
                  | evasion or falsely advertising spam and are not the current
                  | beem bot.
 67580 | Zot:4    | araganzar: !Help[2
 67580 | Zot:4    | araganzar: ?[orb of fire
 67580 | Zot:4    | araganzar: ?{orb of fire
 67580 | Zot:4    | araganzar: @??orb of fire
 67580 | Zot:4    | beem: orb of fire (*)
                  | Spd:
    15 | HD: 30   | HP: 126-183
                  | | AC/EV: 20/20
                  | non-living, see invisible, fly, unbreathing
                  | | Res: magic(immune), fire+++, cold, elec+++, poison+++,
                  | rot++, neg+++, torm, napalm
                  | Vul: silver
                  | XP:
  8528 | Sp:      | b.fire (3d40) [!sil], fireball (3d43) [!sil], malmutate
                  | [!sil]
                  | Sz: little
                  | Int: human.
 68111 | Zot:5    | Entered Level 5 of the Realm of Zot
 68625 | Zot:5    | Reached skill level 20 in Fighting
 68625 | Zot:5    | Reached skill level 22 in Invocations
 68737 | Zot:5    | Reached skill level 25 in Axes
 68742 | Zot:5    | Noticed an ancient lich
 68753 | Zot:5    | Killed an ancient lich
 68777 | Zot:5    | Noticed an orb of fire
 68779 | Zot:5    | Reached skill level 23 in Armour
 68785 | Zot:5    | Gained mutation: Your muscles are strong. (Str +2) [an orb
                  | of fire]
 68789 | Zot:5    | Gained mutation: You are very frail. (-20% HP) [an orb of
                  | fire]
 68804 | Zot:5    | Gained mutation: You are somewhat resistant to further
                  | mutation. [an orb of fire]
 68805 | Zot:5    | Killed an orb of fire
 68852 | Zot:5    | Reached skill level 23 in Invocations
 68916 | Zot:5    | Noticed an orb of fire
 68932 | Zot:5    | Gained mutation: Armour fits poorly on your strangely
                  | shaped body. [an orb of fire]
 68943 | Zot:5    | Gained mutation: You tend to lose your temper in combat.
                  | [an orb of fire]
 68944 | Zot:5    | Noticed an orb of fire
 68946 | Zot:5    | Killed an orb of fire
 68947 | Zot:5    | Lost mutation: You are agile. (Dex +2) [an orb of fire]
 68950 | Zot:5    | Gained mutation: Your magical capacity is low. (-10% MP)
                  | [an orb of fire]
 68956 | Zot:5    | Gained mutation: Scrolls take you a little longer to read.
                  | [an orb of fire]
 68959 | Zot:5    | Killed an orb of fire
 68960 | Zot:5    | Reached skill level 18 in Evocations
 68970 | Zot:5    | Noticed an ancient lich
 68991 | Zot:5    | Killed an ancient lich
 68992 | Zot:5    | Reached skill level 24 in Invocations
 69177 | Zot:5    | Got a smelly leather armour
 69308 | Zot:5    | Was forgiven by Trog
 69391 | Zot:5    | Lost mutation: You are very frail. (-20% HP) [potion of
                  | mutation]
 69391 | Zot:5    | Lost mutation: You are dopey. (Int -2) [potion of mutation]
 69391 | Zot:5    | Lost mutation: You are frail. (-10% HP) [potion of
                  | mutation]
 69392 | Zot:5    | Lost mutation: Scrolls take you a little longer to read.
                  | [potion of mutation]
 69392 | Zot:5    | Lost mutation: You tend to lose your temper in combat.
                  | [potion of mutation]
 69392 | Zot:5    | Lost mutation: Your magical capacity is low. (-10% MP)
                  | [potion of mutation]
 69392 | Zot:5    | Lost mutation: You have sharp fingernails. [potion of
                  | mutation]
 69393 | Zot:5    | Lost mutation: You are somewhat resistant to further
                  | mutation. [potion of mutation]
 69393 | Zot:5    | Lost mutation: Armour fits poorly on your strangely shaped
                  | body. [potion of mutation]
 69393 | Zot:5    | Gained mutation: You are partially covered in molten
                  | scales. (AC +2) [potion of mutation]
 69393 | Zot:5    | Gained mutation: You have large cloven feet. [potion of
                  | mutation]
 69397 | Zot:5    | Learned a level 2 spell: Passwall
 69685 | Depths:2 | Bought a scroll of vulnerability for 105 gold pieces
 69685 | Depths:2 | Bought a scroll of teleportation for 42 gold pieces
 69685 | Depths:2 | Bought a scroll of amnesia for 49 gold pieces
 70243 | Zig:1    | Entered Level 1 of a ziggurat
 70254 | Zig:2    | Entered Level 2 of a ziggurat
 70254 | Zig:2    | Found the +15 Maxwell's patent armour {-Cast -Tele rElec
                  | MR+ rCorr}
 70278 | Zig:3    | Entered Level 3 of a ziggurat
 70300 | Zig:4    | Entered Level 4 of a ziggurat
 70335 | Zig:5    | Entered Level 5 of a ziggurat
 70391 | Zig:6    | Entered Level 6 of a ziggurat
 70418 | Zig:6    | Reached skill level 5 in Translocations
 70457 | Zig:7    | Entered Level 7 of a ziggurat
 70479 | Zig:7    | Reached skill level 11 in Earth Magic
 70508 | Zig:8    | Entered Level 8 of a ziggurat
 70520 | Zig:8    | Found the +7 Kryia's mail coat {PotionHeal*2 rC+}
 70528 | Zig:8    | Reached skill level 9 in Necromancy
 70686 | Zig:9    | Entered Level 9 of a ziggurat
 70693 | Zig:9    | Found the +5 demon whip "Spellbinder" {antimagic, MR+}
 70700 | Zig:9    | Reached skill level 6 in Translocations
 70773 | Zig:10   | Entered Level 10 of a ziggurat
 70814 | Zig:10   | Got a steaming glass ring
 70816 | Zig:10   | Identified the ring "Dux Onges" {Wiz MR- MP+9 Str+7 Stlth+}
                  | (You found it on level 10 of a ziggurat)
 70820 | Zig:10   | Got a smoking silver ring
 70821 | Zig:10   | Identified the ring "Vorooh" {Ice Int+6} (You found it on
                  | level 10 of a ziggurat)
 70845 | Zig:10   | Identified Sif Muna's Handbook of Fiery Necromancy
 70885 | Zig:11   | Entered Level 11 of a ziggurat
 70894 | Zig:11   | Found the +8 lance "Wyrmbane" {slay drac, rPois rF+ rC+
                  | AC+3}
 70900 | Zig:11   | Reached skill level 12 in Earth Magic
 70911 | Zig:11   | Reached skill level 10 in Necromancy
 70983 | Zig:11   | Reached skill level 5 in Spellcasting
 71014 | Zig:12   | Entered Level 12 of a ziggurat
 71063 | Zig:12   | Identified the Handbook of Supportive Malediction
 71087 | Zig:12   | Got a warped scale mail
 71115 | Zig:13   | Entered Level 13 of a ziggurat
 71140 | Zig:13   | Reached skill level 7 in Translocations
 71140 | Zig:13   | Reached skill level 13 in Earth Magic
 71178 | Zig:13   | Reached skill level 24 in Armour
 71181 | Zig:13   | Reached skill level 11 in Necromancy
 71185 | Zig:13   | Reached skill level 6 in Spellcasting
 71191 | Zig:13   | Learned a level 2 spell: Corpse Rot
 71196 | Zig:13   | Learned a level 4 spell: Animate Dead
 71224 | Zig:13   | Identified the Collected Works on Creative Combat Magic
 71226 | Zig:13   | Identified the Grimoire of Vitriolic Confrontation
 71228 | Zig:13   | Identified the Catalogue of Earth and Darkness
 71278 | Zig:14   | Entered Level 14 of a ziggurat
 71336 | Zig:14   | Got a faintly glowing wooden ring
 71338 | Zig:14   | Identified the ring "Igengus" {rElec rCorr} (You found it
                  | on level 14 of a ziggurat)
 71351 | Zig:15   | Entered Level 15 of a ziggurat
 71391 | Zig:15   | Reached skill level 26 in Axes
 71464 | Zig:15   | Reached skill level 14 in Earth Magic
 71494 | Zig:15   | Got a warped brass ring
 71496 | Zig:15   | Identified the ring of Sif Muna's Pride {Ice +Inv} (You
                  | found it on level 15 of a ziggurat)
 71502 | Zig:15   | Got a fading plate armour
 71503 | Zig:15   | Identified the +6 plate armour of a bailey {-Cast rElec
                  | rF+++} (You found it on level 15 of a ziggurat)
 71508 | Zig:15   | Identified Louraps's Grimoire of Unstable Confrontation
 71516 | Zig:15   | Got a steaming buckler
 71585 | Zig:16   | Entered Level 16 of a ziggurat
 71659 | Zig:16   | Reached skill level 12 in Necromancy
 71815 | Zig:16   | Identified Sif Muna's Incunabulum of Shifting Snow
 71883 | Zig:16   | Got a shimmering lead ring
 71885 | Zig:16   | Identified the ring "Acaotwo" {*Drain rPois MR+ Int+8
                  | Slay-3} (You found it on level 16 of a ziggurat)
 71893 | Zig:16   | Got a transparent platinum ring
 71895 | Zig:16   | Identified the ring of Reimbursement {Wiz rN+} (You found
                  | it on level 16 of a ziggurat)
 71912 | Zig:16   | Got a smoking graven amulet
 71913 | Zig:16   | Identified the amulet "Pithraesk" {Faith rElec MR+} (You
                  | found it on level 16 of a ziggurat)
 71933 | Zig:16   | Identified the ring of Iweenn {*Drain rPois Str+7 Stlth+}
                  | (You found it on level 16 of a ziggurat)
 71935 | Zig:17   | Entered Level 17 of a ziggurat
 71965 | Zig:17   | Noticed Naojoj the pandemonium lord
 71972 | Zig:18   | Entered Level 18 of a ziggurat
 71999 | Zig:18   | Noticed an ancient lich
 72000 | Zig:18   | Noticed an ancient lich
 72005 | Zig:18   | Noticed an ancient lich
 72013 | Zig:18   | Reached skill level 15 in Earth Magic
 72015 | Zig:18   | Killed an ancient lich
 72018 | Zig:18   | Found the +8 mithril axe "Arga" {speed, MR+}
 72020 | Zig:18   | Killed an ancient lich
 72021 | Zig:18   | Reached skill level 13 in Necromancy
 72027 | Zig:18   | Killed an ancient lich
 72059 | Zig:18   | Reached skill level 6 in Hexes
 72063 | Zig:18   | Identified the Disquisition on Hurtful Sinister Rites
 72091 | Zig:18   | Identified the Collected Works on Transmutation and the
                  | Escort
 72096 | Zig:18   | Reached skill level 8 in Hexes
 72113 | Zig:18   | Reached skill level 10 in Hexes
 72123 | Zig:18   | Got a smelly plate armour
 72124 | Zig:18   | Identified the +6 plate armour of the Cockatrice {rElec
                  | rC+} (You found it on level 18 of a ziggurat)
 72190 | Zig:19   | Entered Level 19 of a ziggurat
 72208 | Zig:19   | Reached skill level 16 in Earth Magic
 72214 | Zig:19   | Reached skill level 1 in Air Magic
 72223 | Zig:19   | Reached skill level 2 in Air Magic
 72242 | Zig:19   | Reached skill level 3 in Air Magic
 72348 | Zig:19   | Found the +3 salamander hide armour {Flames rF++ rC--}
 72355 | Zig:19   | Got a transparent marble ring
 72360 | Zig:19   | Identified the ring of Nytz {*Drain rF++ rC- Int+6 SInv}
                  | (You found it on level 19 of a ziggurat)
 72369 | Zig:19   | Got a coiled jade ring
 72370 | Zig:19   | Identified the ring "Bicw" {+Blink rC+ rN+ MR+ Stlth-} (You
                  | found it on level 19 of a ziggurat)
 72381 | Zig:19   | Got twisted swamp dragon scales
 72382 | Zig:19   | Identified the +2 swamp dragon scales "Kaose" {+Blink rElec
                  | rPois Int+4} (You found it on level 19 of a ziggurat)
 72456 | Zig:20   | Entered Level 20 of a ziggurat
 72488 | Zig:20   | Reached skill level 4 in Air Magic
 72507 | Zig:20   | Gained mutation: You are frail. (-10% HP) [a neqoxec]
 72522 | Zig:20   | Lost mutation: Your muscles are strong. (Str +2) [a
                  | neqoxec]
 72550 | Zig:20   | Reached skill level 25 in Armour
 72559 | Zig:20   | Reached skill level 5 in Air Magic
 72579 | Zig:20   | Found the +6 lightning scales {run, rElec}
 72600 | Zig:20   | Identified Idath's Guide on Unholy Arts and Ignition
 72738 | Zig:21   | Entered Level 21 of a ziggurat
 72799 | Zig:21   | Reached skill level 21 in Fighting
 72799 | Zig:21   | Reached skill level 6 in Air Magic
 72824 | Zig:21   | Gained mutation: You tend to lose your temper in combat. [a
                  | shining eye]
 72991 | Zig:21   | Identified the Reference Book on Curses
 72993 | Zig:21   | Lost mutation: You tend to lose your temper in combat.
                  | [potion of mutation]
 72993 | Zig:21   | Lost mutation: You are frail. (-10% HP) [potion of
                  | mutation]
 72993 | Zig:21   | Lost mutation: You are surrounded by a mild repulsion
                  | field. (EV +2) [potion of mutation]
 72993 | Zig:21   | Gained mutation: You have a pair of small antennae on your
                  | head. [potion of mutation]
 72993 | Zig:21   | Gained mutation: You evolve. [potion of mutation]
 72993 | Zig:21   | Gained mutation: You are agile. (Dex +2) [potion of
                  | mutation]
 72996 | Zig:21   | Got a clouded bone ring
 72998 | Zig:21   | Identified the +11 bardiche "Vomo" {freeze, MR+ Dex+3} (You
                  | found it on level 21 of a ziggurat)
 73000 | Zig:21   | Identified the ring of the Eagle {*Drain rPois MP+9 Str+2
                  | Slay+3} (You found it on level 21 of a ziggurat)
 73104 | Zig:22   | Entered Level 22 of a ziggurat
 73196 | Zig:22   | Lost mutation: You are agile. (Dex +2) [potion of mutation]
 73196 | Zig:22   | Lost mutation: You have a pair of small antennae on your
                  | head. [potion of mutation]
 73196 | Zig:22   | Lost mutation: You have large cloven feet. [potion of
                  | mutation]
 73196 | Zig:22   | Gained mutation: You are partially covered in slimy green
                  | scales. (AC +2) [potion of mutation]
 73196 | Zig:22   | Gained mutation: You are agile. (Dex +2) [potion of
                  | mutation]
 73255 | Zig:22   | Got a dazzling plate armour
 73256 | Zig:22   | Identified the +7 plate armour "Ecse" {+Blink MR- Dex+5
                  | SInv} (You found it on level 22 of a ziggurat)
 73356 | Zig:23   | Entered Level 23 of a ziggurat
 73384 | Zig:23   | HP: 27/274 [??? (11)]
 73407 | Zig:23   | Reached skill level 22 in Fighting
 73408 | Zig:23   | Noticed an ancient lich
 73413 | Zig:23   | Noticed an ancient lich
 73418 | Zig:23   | Noticed an ancient lich
 73444 | Zig:23   | Killed an ancient lich
 73446 | Zig:23   | Killed an ancient lich
 73447 | Zig:23   | Reached skill level 19 in Evocations
 73451 | Zig:23   | Killed an ancient lich
 73610 | Zig:23   | Identified the +2 ice dragon scales of the Land of Plenty
                  | {+Blink rPois rF- rC++ Int-3 SInv} (You found it on level
                  | 23 of a ziggurat)
 73622 | Zig:23   | Reached skill level 4 in Conjurations
 73622 | Zig:23   | Reached skill level 4 in Ice Magic
 73629 | Zig:23   | Got a jet-encrusted ring mail
 73638 | Zig:23   | Got a slimy robe
 73735 | Zig:24   | Entered Level 24 of a ziggurat
 73753 | Zig:24   | Noticed a juggernaut
 73753 | Zig:24   | Noticed a juggernaut
 73754 | Zig:24   | Noticed a juggernaut
 73757 | Zig:24   | Noticed a juggernaut
 73763 | Zig:24   | Noticed a juggernaut
 73765 | Zig:24   | Killed a juggernaut
 73766 | Zig:24   | Reached skill level 5 in Conjurations
 73766 | Zig:24   | Reached skill level 5 in Ice Magic
 73771 | Zig:24   | Noticed a juggernaut
 73773 | Zig:24   | Reached skill level 6 in Conjurations
 73773 | Zig:24   | Reached skill level 6 in Ice Magic
 73773 | Zig:24   | Noticed a juggernaut
 73774 | Zig:24   | Killed a juggernaut
 73777 | Zig:24   | Noticed a juggernaut
 73778 | Zig:24   | Killed a juggernaut
 73778 | Zig:24   | Noticed a juggernaut
 73779 | Zig:24   | Reached skill level 7 in Conjurations
 73779 | Zig:24   | Reached skill level 7 in Ice Magic
 73782 | Zig:24   | Noticed a juggernaut
 73786 | Zig:24   | Noticed a juggernaut
 73786 | Zig:24   | Killed a juggernaut
 73787 | Zig:24   | Reached skill level 8 in Conjurations
 73787 | Zig:24   | Reached skill level 8 in Ice Magic
 73790 | Zig:24   | Noticed a juggernaut
 73793 | Zig:24   | Killed a juggernaut
 73795 | Zig:24   | Killed a juggernaut
 73796 | Zig:24   | Reached skill level 9 in Conjurations
 73796 | Zig:24   | Reached skill level 9 in Ice Magic
 73801 | Zig:24   | Killed a juggernaut
 73810 | Zig:24   | Killed a juggernaut
 73811 | Zig:24   | Reached skill level 10 in Conjurations
 73811 | Zig:24   | Reached skill level 10 in Ice Magic
 73811 | Zig:24   | Killed a juggernaut
 73816 | Zig:24   | Killed a juggernaut
 73821 | Zig:24   | Killed a juggernaut
 73822 | Zig:24   | Reached skill level 11 in Conjurations
 73822 | Zig:24   | Reached skill level 11 in Ice Magic
 73832 | Zig:24   | Killed a juggernaut
 73851 | Zig:24   | Reached skill level 12 in Conjurations
 73900 | Zig:24   | Identified the Collected Works on Dislocation and the
                  | Escort
 73932 | Zig:24   | Got a sparkling ivory ring
 73933 | Zig:24   | Identified the ring of the Endless Expanse {rC+ MP+9 Str+5
                  | Slay-2} (You found it on level 24 of a ziggurat)
 74036 | Zig:24   | Learned a level 4 spell: Hailstorm
 74037 | Zig:25   | Entered Level 25 of a ziggurat
 74070 | Zig:25   | Reached skill level 12 in Ice Magic
 74096 | Zig:25   | Reached skill level 13 in Conjurations
 74228 | Zig:25   | Reached skill level 26 in Armour
 74241 | Zig:25   | Reached skill level 14 in Necromancy
 74325 | Zig:25   | Found the +10 morningstar "Eos" {elec, Halo rElec}
 74333 | Zig:25   | Got a fine chain mail
 74364 | Zig:25   | Identified the Tome of the Earthen Snowflakes
 74372 | Zig:25   | Got a glittering garnet amulet
 74373 | Zig:25   | Identified the amulet of Youthful Indiscretion {Acrobat
                  | rElec Int+2} (You found it on level 25 of a ziggurat)
 74380 | Zig:25   | Reached skill level 7 in Spellcasting
 74388 | Zig:25   | Learned a level 6 spell: Death Channel
 74391 | Zig:25   | Identified Powodgh's Grimoire of the Rocks and Dislocation
 74459 | Zig:26   | Entered Level 26 of a ziggurat
 74474 | Zig:26   | Noticed an ancient lich
 74478 | Zig:26   | Noticed an ancient lich
 74484 | Zig:26   | Killed an ancient lich
 74485 | Zig:26   | Noticed an ancient lich
 74490 | Zig:26   | Noticed an ancient lich
 74491 | Zig:26   | Noticed an ancient lich
 74491 | Zig:26   | Noticed an ancient lich
 74495 | Zig:26   | Noticed an ancient lich
 74499 | Zig:26   | Gained mutation: Potions are less effective at restoring
                  | your health. [a cacodemon]
 74501 | Zig:26   | Killed an ancient lich
 74502 | Zig:26   | Reached skill level 8 in Spellcasting
 74502 | Zig:26   | Reached skill level 15 in Necromancy
 74502 | Zig:26   | Killed an ancient lich
 74507 | Zig:26   | Killed an ancient lich
 74509 | Zig:26   | Killed an ancient lich
 74515 | Zig:26   | Killed an ancient lich
 74522 | Zig:26   | Killed an ancient lich
 74523 | Zig:26   | Reached skill level 16 in Necromancy
 74532 | Zig:26   | Reached skill level 23 in Fighting
 74534 | Zig:26   | Reached skill level 9 in Spellcasting
 74705 | Zig:26   | Identified the ring of Dociameq {*Contam +Blink rPois SInv}
                  | (You found it on level 26 of a ziggurat)
 74708 | Zig:26   | Acquired a scarf of shadows
 74773 | Zig:26   | Got a heavily runed sapphire amulet
 74774 | Zig:26   | Identified the amulet of Afusashau {Reflect Dex+2 SH+5}
                  | (You found it on level 26 of a ziggurat)
 74791 | Zig:26   | Identified the Handbook of Aerial Evil
 74844 | Zig:27   | Entered Level 27 of a ziggurat
 74880 | Zig:27   | Reached skill level 17 in Necromancy
 74887 | Zig:27   | Learned a level 5 spell: Metabolic Englaciation
 74958 | Zig:27   | Reached skill level 10 in Spellcasting
 75060 | Zig:27   | Reached skill level 11 in Spellcasting
 75208 | Zig:27   | Found the ring of the Octopus King
 75253 | Zig:27   | Reached skill level 24 in Fighting
 75261 | Zig:27   | Got a glittering glass ring
 75262 | Zig:27   | Identified the cursed ring of the Madman {rC+ MR+ Str+6
                  | Int-4} (You found it on level 27 of a ziggurat)
 75266 | Zig:27   | Lost mutation: You evolve. [end of evolution]
 75267 | Zig:27   | Lost mutation: You are partially covered in slimy green
                  | scales. (AC +2) [potion of mutation]
 75267 | Zig:27   | Lost mutation: Potions are less effective at restoring your
                  | health. [potion of mutation]
 75267 | Zig:27   | Lost mutation: You are covered in fur. (AC +1) [potion of
                  | mutation]
 75267 | Zig:27   | Lost mutation: You are agile. (Dex +2) [potion of mutation]
 75267 | Zig:27   | Gained mutation: Your muscles are strong. (Str +2) [potion
                  | of mutation]
 75267 | Zig:27   | Gained mutation: Your mind is acute. (Int +2) [potion of
                  | mutation]
 75267 | Zig:27   | Gained mutation: You possess an exceptional clarity of
                  | mind. [potion of mutation]
 75280 | Zig:27   | Got a crystal demon trident
 75281 | Zig:27   | Identified the +6 demon trident "Aremp" {venom, MR+} (You
                  | found it on level 27 of a ziggurat)
 75285 | Zig:27   | Reached skill level 12 in Spellcasting
 75291 | Zig:27   | Got a ring of the Octopus King
 75293 | Zig:27   | Identified a ring of the Octopus King {rN+ AC+1 EV+1 Str+1
                  | Int+1 Dex+1} (You found it on level 27 of a ziggurat)
 75298 | Zig:27   | Identified Soykk's Catalogue of Glacial Confrontation
 75648 | Lair:1   | Learned a level 4 spell: Passage of Golubria
 75903 | Tar:1    | Entered Level 1 of Tartarus
 75962 | Tar:1    | Upgraded the game from 0.26-a0-858-gbf76662 to
                  | 0.26-a0-859-gf57989e
 76067 | D:15     | Fell from the grace of Makhleb
 76067 | D:15     | Became a worshipper of the Shining One
 76228 | Lair:1   | araganzar: ??holy
 76228 | Lair:1   | beem: holy wrath[1/1]: Increases damage by 75% on average
                  | against undead and demons. These folks also cannot wield
                  | it. Does not hate evil creatures which are not undead or
                  | demons. This means that holy wrath is ineffective against
                  | hell knights, and some worshippers of evil gods can wield
                  | it.
 76228 | Lair:1   | araganzar: ??tso
 76228 | Lair:1   | beem: the shining one[1/9]: One of three 'good gods'.
                  | Provides a number of passive favours as well as active
                  | abilities later. Enjoys killing of evil creatures, forbids
                  | evil/unholy magic/items, and prevents stabbing of
                  | intelligent creatures.
 76228 | Lair:1   | araganzar: ??tso[2
 76228 | Lair:1   | beem: the shining one[2/9]: Passive abilities include
                  | occasionally intervening to save your life, gradual
                  | increase of natural rN+, and healing and MP recovery
                  | sometimes on kills of evil, demonic, or undead beings. You
                  | will also gain a "halo" within which all other beings are
                  | easier to hit (and rendered visible); it gradually
                  | increases in range with your piety.
 76228 | Lair:1   | araganzar: ??tso[3
 76228 | Lair:1   | beem: the shining one[3/9]: Active abilities include
                  | strengthening your shield, blasting the surrounding area
                  | with cleansing flame, and summoning friendly Angels or
                  | Daevas to fight with you. All these abilities cost piety,
                  | however, and the better ones depend heavily on your
                  | Invocations skill to work properly.
 76228 | Lair:1   | araganzar: ??tso[4
 76228 | Lair:1   | beem: the shining one[4/9]: The final ability TSO gives (at
                  | ****** piety) is the opportunity to have a single weapon
                  | blessed. Blessing a weapon replaces its brand with holy
                  | wrath, and raises enchantment level by 2. If the weapon is
                  | a demon blade, a demon trident, or a demon whip, its base
                  | stats will be enhanced as well: see {eudemon blade},
                  | {trishula}, {sacred scourge}.
 76228 | Lair:1   | araganzar: ??tso[5
 76228 | Lair:1   | beem: the shining one[5/9]: The HP gain for kills is 1d(1 +
                  | 2*HD) - 1. The MP gain for kills is 1d(2 + HD/3) - 1.
 76462 | Crypt:2  | Reached * piety under the Shining One
 76469 | Crypt:2  | Reached skill level 1 in Shields
 76476 | Crypt:2  | Reached skill level 2 in Shields
 76536 | Crypt:2  | Reached ** piety under the Shining One
 76559 | Crypt:2  | Found a runed translucent gate.
 76560 | Crypt:2  | Found a runed translucent gate.
 76560 | Crypt:2  | Found a runed translucent gate.
 76560 | Crypt:2  | Noticed Ulecsuczon's ghost (veteran MiGl)
 76576 | Crypt:2  | Reached skill level 3 in Shields
 76597 | Crypt:2  | Killed Ulecsuczon's ghost
 76597 | Crypt:2  | Reached *** piety under the Shining One
 76598 | Crypt:2  | Reached skill level 4 in Shields
 76604 | Crypt:2  | Got a smoking cloak
 76605 | Crypt:2  | Identified the +1 cloak of Ixobric {Str-5 Int+4 Stlth+}
                  | (You found it on level 2 of the Crypt)
 76651 | Crypt:2  | Reached skill level 25 in Invocations
 76694 | Crypt:2  | Reached **** piety under the Shining One
 76738 | Crypt:2  | Identified the Tome of Ensnaring Earth
 76751 | Crypt:2  | Learned a level 2 spell: Wereblood
 76802 | Crypt:2  | Reached skill level 5 in Shields
 76853 | Crypt:2  | Reached ***** piety under the Shining One
 76964 | Crypt:3  | Entered Level 3 of the Crypt
 76969 | Crypt:3  | Noticed Boris
 76987 | Crypt:3  | Killed Boris
 76988 | Crypt:3  | Reached skill level 6 in Shields
 77214 | Crypt:3  | Gained mutation: Your body sometimes deteriorates upon
                  | taking damage. [a neqoxec]
 77217 | Crypt:3  | Lost mutation: Your muscles are strong. (Str +2) [a
                  | neqoxec]
 77220 | Crypt:3  | Lost mutation: Your mind is acute. (Int +2) [a neqoxec]
 77234 | Crypt:3  | Reached skill level 7 in Shields
 77262 | Crypt:3  | Found a staircase to the Tomb.
 77277 | Crypt:3  | Reached ****** piety under the Shining One
 77333 | Crypt:3  | Identified the Collected Works on Snow
 77596 | Crypt:3  | Got a distressingly furry plate armour
 77597 | Crypt:3  | Identified the +6 plate armour "Juepheg" {rC- rN+ Str+3}
                  | (You found it on level 3 of the Crypt)
 77689 | Crypt:3  | Reached skill level 8 in Shields
 77809 | Crypt:3  | Identified a +8 broad axe of holy wrath (a +6 broad axe
                  | blessed by the Shining One)
 77809 | Crypt:3  | Received a gift from the Shining One
 77835 | Crypt:3  | Found an ancient bone altar of Kikubaaqudgha.
 77851 | Crypt:3  | Noticed an ancient lich
 77861 | Crypt:3  | Killed an ancient lich
 77905 | Crypt:3  | Got an iridescent hand crossbow
 77906 | Crypt:3  | Identified the +2 hand crossbow of Owab {venom, rN+ Int+4}
                  | (You found it on level 3 of the Crypt)
 77986 | Crypt:3  | Noticed an ancient lich
 78001 | Crypt:3  | Killed an ancient lich
 78002 | Crypt:3  | Reached skill level 9 in Shields
 78002 | Crypt:3  | Reached skill level 26 in Invocations
 78608 | Lair:1   | Learned a level 5 spell: Lee's Rapid Deconstruction
 78994 | Tar:1    | Reached skill level 10 in Shields
 79090 | Tar:2    | Reached skill level 11 in Shields
 79330 | Tar:3    | Reached skill level 12 in Shields
 79378 | Tar:3    | Reached skill level 13 in Shields
 79608 | Tar:4    | Reached skill level 14 in Shields
 79775 | Tar:6    | Reached skill level 15 in Shields
 79789 | Tar:7    | Entered Level 7 of Tartarus
 79860 | Dis:1    | Entered Level 1 of the Iron City of Dis
 79977 | Dis:1    | Reached skill level 16 in Shields
 80453 | Dis:4    | Reached skill level 17 in Shields
 80980 | Dis:5    | Reached skill level 18 in Shields
 80990 | Dis:7    | Entered Level 7 of the Iron City of Dis
 81074 | Dis:7    | Reached skill level 19 in Shields
 81205 | Dis:7    | Reached skill level 8 in Translocations
 81299 | Dis:7    | Reached skill level 9 in Translocations
 81301 | Dis:7    | Reached skill level 20 in Shields
 81344 | Dis:7    | Was forgiven by Makhleb
 81565 | Dis:7    | Reached skill level 21 in Shields
 81656 | Dis:7    | Reached skill level 7 in Air Magic
 81881 | Dis:7    | Got a steaming tin ring
 81883 | Dis:7    | Identified the ring "Woicsitt" {*Drain rC++ MP+9 AC+4} (You
                  | found it on level 7 of the Iron City of Dis)
 81968 | Dis:7    | Identified the +1 tower shield "Xirax" {Int+4}
 81998 | Dis:7    | Got a faintly humming cloak
 81999 | Dis:7    | Identified the +1 cloak "Amam" {rF++ Str-2 Int+3} (You
                  | found it on level 7 of the Iron City of Dis)
 82120 | Dis:7    | Identified the +7 flail "Jyas" {chaos, Int+4 SInv}
 82152 | Dis:7    | Identified the +4 staff of Dispater
 82152 | Dis:7    | Noticed Dispater
 82171 | Dis:7    | Killed Dispater
 82172 | Dis:7    | Reached skill level 8 in Air Magic
 82182 | Dis:7    | Got an iron rune of Zot
 82699 | Zig:1    | Entered Level 1 of a ziggurat
 82724 | Zig:2    | Entered Level 2 of a ziggurat
 82803 | Zig:3    | Entered Level 3 of a ziggurat
 82806 | Zig:3    | Noticed Kagoul the pandemonium lord
 82820 | Zig:3    | Killed Kagoul the pandemonium lord
 82845 | Zig:4    | Entered Level 4 of a ziggurat
 82871 | Zig:4    | Reached skill level 11 in Hexes
 82892 | Zig:5    | Entered Level 5 of a ziggurat
 82907 | Zig:5    | Reached skill level 9 in Air Magic
 82914 | Zig:5    | Reached skill level 22 in Shields
 82927 | Zig:5    | Identified the Collected Works on the Ghastly Escort
 82940 | Zig:6    | Entered Level 6 of a ziggurat
 82959 | Zig:6    | Reached skill level 1 in Transmutations
 82963 | Zig:6    | Reached skill level 2 in Transmutations
 82974 | Zig:6    | Reached skill level 3 in Transmutations
 83017 | Zig:7    | Entered Level 7 of a ziggurat
 83034 | Zig:7    | Reached skill level 4 in Transmutations
 83059 | Zig:7    | Identified the Collected Works on Bewitchment and Creation
 83076 | Zig:8    | Entered Level 8 of a ziggurat
 83083 | Zig:8    | Noticed Pemonon the pandemonium lord
 83088 | Zig:8    | Reached skill level 5 in Transmutations
 83089 | Zig:8    | Reached skill level 6 in Transmutations
 83094 | Zig:8    | Killed Pemonon the pandemonium lord
 83121 | Zig:8    | Got a heavily jewelled robe
 83141 | Zig:9    | Entered Level 9 of a ziggurat
 83168 | Zig:9    | Paralysed by accursed screaming for 2 turns
 83179 | Zig:9    | Paralysed by accursed screaming for 1 turns
 83226 | Zig:10   | Entered Level 10 of a ziggurat
 83252 | Zig:10   | Reached skill level 23 in Shields
 83284 | Zig:10   | Got a fading chain mail
 83305 | Lair:1   | Lost mutation: Your body sometimes deteriorates upon taking
                  | damage. [potion of mutation]
 83305 | Lair:1   | Lost mutation: You possess an exceptional clarity of mind.
                  | [potion of mutation]
 83305 | Lair:1   | Gained mutation: You occasionally shout uncontrollably at
                  | your foes. [potion of mutation]
 83305 | Lair:1   | Gained mutation: You are partially covered in large bone
                  | plates. (SH +4) [potion of mutation]
 83306 | Lair:1   | Lost mutation: You occasionally shout uncontrollably at
                  | your foes. [potion of mutation]
 83306 | Lair:1   | Lost mutation: You are partially covered in molten scales.
                  | (AC +2) [potion of mutation]
 83306 | Lair:1   | Lost mutation: You are partially covered in large bone
                  | plates. (SH +4) [potion of mutation]
 83306 | Lair:1   | Gained mutation: You have sharp toenails. [potion of
                  | mutation]
 83306 | Lair:1   | Gained mutation: You have supernaturally acute eyesight.
                  | (SInv) [potion of mutation]
 83306 | Lair:1   | Gained mutation: You are robust. (+10% HP) [potion of
                  | mutation]
 83567 | Coc:1    | Entered Level 1 of Cocytus
 83887 | Coc:4    | You fall into a shaft and drop 2 floors!
 83912 | Coc:7    | Entered Level 7 of Cocytus
 83945 | Coc:7    | Reached skill level 24 in Shields
 83981 | Coc:7    | Noticed the Serpent of Hell
 83993 | Coc:7    | Killed the Serpent of Hell
 84138 | Coc:7    | Identified the +9 hand axe "Paumioh" {flame, *Rage +Rage
                  | Dex+4}
 84138 | Coc:7    | Noticed Antaeus
 84157 | Coc:7    | Killed Antaeus
 84175 | Coc:7    | Reached skill level 27 in Invocations
 84274 | Coc:7    | Got an icy rune of Zot
 84464 | Coc:7    | Reached skill level 25 in Fighting
 85188 | Geh:1    | Entered Level 1 of Gehenna
 85587 | Geh:3    | Reached skill level 25 in Shields
 85941 | Geh:7    | Entered Level 7 of Gehenna
 85977 | Geh:7    | Reached skill level 20 in Evocations
 86000 | Geh:7    | Upgraded the game from 0.26-a0-859-gf57989e to
                  | 0.26-a0-863-g3bff4b2
 86390 | Geh:7    | Reached skill level 25 in Dodging
 86719 | Geh:7    | Reached skill level 21 in Evocations
 86741 | Geh:7    | Reached skill level 17 in Earth Magic
 86745 | Geh:7    | Identified the +7 sceptre of Asmodeus
 86745 | Geh:7    | Identified the ring of Nabiet {Wiz *Contam rPois rF+++
                  | MP+9}
 86745 | Geh:7    | Noticed Asmodeus
 86767 | Geh:7    | Killed Asmodeus
 86768 | Geh:7    | Reached skill level 18 in Earth Magic
 86796 | Geh:7    | Identified the Reference Book on Supportive Dark Rites
 86799 | Geh:7    | Identified Ninur's Grimoire of Earth and Battle Magic
 86808 | Geh:7    | Got an obsidian rune of Zot
 86943 | Geh:7    | Reached skill level 19 in Earth Magic
 87110 | Hell     | araganzar: ??statue form
 87110 | Hell     | beem: statue form[1/2]: Grants 17 + pow/10 AC, +30% HP.
                  | Makes you take 50% more time to take any action, like the
                  | slow spell. Melds gloves, boots, bardings, and body armour.
                  | Provides rElec, rN+, 50% rTorm, rRot+, and poison immunity.
                  | 12 + unarmed_skill base unarmed damage and 50% bonus on all
                  | melee. Gargoyles can't cast this spell.
 88252 | Tar:7    | Reached skill level 22 in Evocations
 88331 | Tar:7    | Reached skill level 23 in Evocations
 88395 | Tar:7    | Reached skill level 24 in Evocations
 88453 | Tar:7    | Found the macabre finger necklace {rN+}
 88492 | Tar:7    | Identified the Papyrus of Unholy Ice
 88808 | Tar:7    | Reached skill level 25 in Evocations
 88942 | Tar:7    | Noticed Ereshkigal
 88987 | Tar:7    | Killed Ereshkigal
 89012 | Tar:7    | Got a bone rune of Zot
 89430 | Tar:7    | Identified Sif Muna's Tome of Envenoming and Weightlessness
 89437 | Tar:7    | Found the +6 arbalest "Damnation" {damnation}
 89441 | Tar:7    | Got a scorched chain mail
 89598 | Pan      | Entered Pandemonium
 89966 | Pan      | Noticed a seraph
 89986 | Pan      | Killed a seraph
 90022 | Pan      | Found a glowing golden altar of the Shining One.
 90042 | Pan      | Got a demonic rune of Zot
 90046 | Pan      | Identified Sif Muna's Collected Works on Conjuration and
                  | Curses
 90148 | Depths:1 | Escaped Pandemonium
 90152 | Pan      | Entered Pandemonium
 90167 | Pan      | Reached skill level 27 in Armour
 90197 | Pan      | Noticed Loomous the pandemonium lord
 90208 | Pan      | Killed Loomous the pandemonium lord
 90409 | Pan      | Reached skill level 26 in Fighting
 90436 | Pan      | Gained mutation: You are clumsy. (Dex -2) [a cacodemon]
 90621 | Pan      | Reached skill level 16 in Throwing
 90703 | Pan      | Entered the realm of Lom Lobon.
 90743 | Pan      | araganzar: @?lom lobon
 90743 | Pan      | beem: Lom Lobon (&)
                  | Spd:
    10 | HD: 19   | HP: 336-450
                  | | AC/EV: 10/20
                  | Dam: 40(antimagic)
                  | demonic, doors,
                  | fighter, evil, see invisible, fly
                  | Res: magic(immune),
                  | fire, cold+++, elec+++, poison, rot, neg+++, torm
                  | Vul:
                  | holy
                  | XP: 11023
                  | Sp: conjure ball lightning [!sil],
                  | glaciate (10-132) [!sil], tornado [!sil], major healing
                  | (50-240) [!sil], blink
 90743 | Pan      | beem: range [!sil]
                  | Sz: Large
                  | Int: human.
 90765 | Pan      | Noticed Lom Lobon
 90788 | Pan      | Killed Lom Lobon
 90799 | Pan      | Got a magical rune of Zot
 90859 | Pan      | Reached skill level 26 in Dodging
 90976 | Pan      | Entered the realm of Mnoleg.
 91018 | Pan      | Gained mutation: You are very clumsy. (Dex -4) [a neqoxec]
 91048 | Pan      | Gained mutation: Your magical capacity is low. (-10% MP) [a
                  | neqoxec]
 91066 | Pan      | Reached skill level 26 in Shields
 91118 | Pan      | Reached skill level 17 in Throwing
 91141 | Pan      | Noticed Mnoleg
 91146 | Pan      | araganzar: @?mnoleg
 91146 | Pan      | beem: Mnoleg (&)
                  | Spd:
    13 | HD: 17   | HP: 294-421
                  | AC/EV:
                  | 10/25
                  | Dam: 40(claw), 35(mutation), 30, 23(blink self)
                  | | demonic, doors, fighter, evil, see invisible
                  | Res:
                  | magic(immune), fire, elec, poison, rot, neg+++, torm
                  | Vul:
                  | holy, silver
                  | XP: 10751
                  | Sp: b.random (3d20 / 3d24 / 3d26
                  | / 3d21 / 3d22) [!sil], malign gateway [!sil], sum.eyeballs
 91146 | Pan      | beem: [!sil], sum.horrible things [!sil], c.chaos [!sil],
                  | dig [!sil]
                  | Sz: Large
                  | Int: human.
 91164 | Pan      | Lost mutation: You have supernaturally acute eyesight.
                  | (SInv) [a shining eye]
 91168 | Pan      | Paralysed by a floating eye for 4 turns
 91171 | Pan      | Killed Mnoleg
 91175 | Pan      | Reached skill level 26 in Evocations
 91211 | Pan      | Lost mutation: You have sharp toenails. [potion of
                  | mutation]
 91211 | Pan      | Lost mutation: Your magical capacity is low. (-10% MP)
                  | [potion of mutation]
 91211 | Pan      | Lost mutation: You are very clumsy. (Dex -4) [potion of
                  | mutation]
 91211 | Pan      | Gained mutation: Your muscles are strong. (Str +2) [potion
                  | of mutation]
 91211 | Pan      | Lost mutation: You are clumsy. (Dex -2) [potion of
                  | mutation]
 91218 | Pan      | Got a glowing rune of Zot
 91271 | Pan      | Noticed Wuwobuesch the pandemonium lord
 91312 | Pan      | Reached skill level 18 in Throwing
 91320 | Pan      | Lost mutation: Your muscles are strong. (Str +2) [a
                  | cacodemon]
 91343 | Pan      | Found an exit through the horrors of the Abyss.
 91472 | Pan      | Entered the realm of Gloorx Vloq.
 91473 | Pan      | Got a dark rune of Zot
 91503 | Pan      | Found an exit through the horrors of the Abyss.
 91578 | Pan      | Noticed Fasurev the pandemonium lord
 91587 | Pan      | Killed Fasurev the pandemonium lord
 91588 | Pan      | Reached skill level 19 in Throwing
 91704 | Pan      | Learned a level 4 spell: Leda's Liquefaction
 91755 | Pan      | Gained mutation: You occasionally shout uncontrollably at
                  | your foes. [a cacodemon]
 91767 | Pan      | Found an exit through the horrors of the Abyss.
 91843 | Pan      | Found a transporter.
 91848 | Pan      | Identified the ring "Tetucef" {Fire *Drain MR+++ Int+6}
 91902 | Pan      | Entered the realm of Cerebov.
 91923 | Pan      | Noticed Gloorx Vloq
 91948 | Pan      | Killed Gloorx Vloq
 92148 | Pan      | Identified the +6 sword of Cerebov {flame}
 92148 | Pan      | Noticed Cerebov
 92182 | Pan      | Killed Cerebov
 92240 | Pan      | Got a flickering brass amulet
 92241 | Pan      | Identified the amulet of Zage {Reflect +Fly rElec Dex+2
                  | SH+5} (You found it in Pandemonium)
 92277 | Pan      | Identified the Collected Works on Dark Fire
 92291 | Pan      | Got a crude leather armour
 92321 | Pan      | Identified the Grimoire of Scorching Shape Shifting
 92337 | Pan      | Identified the Catalogue of Toxins and the Compass
 92451 | Pan      | Got a fiery rune of Zot
 92567 | Depths:1 | Escaped Pandemonium
 93232 | Tomb:1   | Entered Level 1 of the Tomb of the Ancients
 93245 | Tomb:1   | Upgraded the game from 0.26-a0-863-g3bff4b2 to
                  | 0.26-a0-925-g62de122
 93756 | Shoals:3 | Bought a scroll of holy word for 105 gold pieces
 93756 | Shoals:3 | Bought a scroll of holy word for 105 gold pieces
 94153 | Depths:2 | Bought a scroll of fog for 38 gold pieces
 94153 | Depths:2 | Bought a scroll of fog for 38 gold pieces
 95049 | Tomb:1   | Reached skill level 10 in Air Magic
 95054 | Tomb:1   | Noticed an ancient lich
 95063 | Tomb:1   | Killed an ancient lich
 95130 | Tomb:1   | Identified the +12 tower shield of Midnight {Int+3}
 95209 | Tomb:1   | Noticed a royal mummy
 95217 | Tomb:1   | Killed a royal mummy
 95218 | Tomb:1   | Reached skill level 12 in Hexes
 95437 | Tomb:2   | Noticed a royal mummy
 95437 | Tomb:2   | Noticed a royal mummy
 95437 | Tomb:2   | Noticed a royal mummy
 95438 | Tomb:2   | Noticed a royal mummy
 95447 | Tomb:2   | Reached skill level 11 in Air Magic
 95490 | Tomb:2   | Killed a royal mummy
 95544 | Tomb:2   | Killed a royal mummy
 95545 | Tomb:2   | Reached skill level 12 in Air Magic
 95573 | Tomb:2   | Killed a royal mummy
 95579 | Tomb:2   | Killed a royal mummy
 95797 | Tomb:1   | Noticed a royal mummy
 95797 | Tomb:1   | Noticed a royal mummy
 95801 | Tomb:1   | Killed a royal mummy
 95801 | Tomb:1   | Noticed a royal mummy
 95803 | Tomb:1   | Killed a royal mummy
 95807 | Tomb:1   | Killed a royal mummy
 95808 | Tomb:1   | Reached skill level 13 in Air Magic
 95849 | Tomb:1   | Noticed a royal mummy
 95856 | Tomb:1   | Killed a royal mummy
 95857 | Tomb:1   | Noticed a royal mummy
 95868 | Tomb:1   | Killed a royal mummy
 95880 | Tomb:1   | Noticed a royal mummy
 95889 | Tomb:1   | Killed a royal mummy
 95962 | Tomb:1   | Noticed a royal mummy
 95971 | Tomb:1   | Killed a royal mummy
 95986 | Tomb:1   | Noticed a royal mummy
 95987 | Tomb:1   | Noticed a royal mummy
 95992 | Tomb:1   | Killed a royal mummy
 95995 | Tomb:1   | Killed a royal mummy
 96098 | Tomb:1   | Noticed a royal mummy
 96098 | Tomb:1   | Noticed a royal mummy
 96106 | Tomb:1   | Killed a royal mummy
 96115 | Tomb:1   | Killed a royal mummy
 96164 | Tomb:2   | Reached skill level 13 in Hexes
 96201 | Tomb:2   | Lost mutation: You are robust. (+10% HP) [mutagenic glow]
 96210 | Tomb:2   | Gained mutation: Armour fits poorly on your strangely
                  | shaped body. [mutagenic glow]
 96212 | Tomb:2   | Lost mutation: You occasionally shout uncontrollably at
                  | your foes. [potion of mutation]
 96212 | Tomb:2   | Lost mutation: Armour fits poorly on your strangely shaped
                  | body. [potion of mutation]
 96212 | Tomb:2   | Gained mutation: Your magical capacity is low. (-10% MP)
                  | [potion of mutation]
 96212 | Tomb:2   | Gained mutation: You have supernaturally acute eyesight.
                  | (SInv) [potion of mutation]
 96213 | Tomb:2   | Lost mutation: You have supernaturally acute eyesight.
                  | (SInv) [potion of mutation]
 96213 | Tomb:2   | Lost mutation: Your magical capacity is low. (-10% MP)
                  | [potion of mutation]
 96213 | Tomb:2   | Gained mutation: You are partially covered in yellow
                  | scales. (AC +2) [potion of mutation]
 96213 | Tomb:2   | Gained mutation: Your spells are a little easier to cast,
                  | but a little less powerful. [potion of mutation]
 96213 | Tomb:2   | Gained mutation: You tend to lose your temper in combat.
                  | [potion of mutation]
 96213 | Tomb:2   | Gained mutation: You are agile. (Dex +2) [potion of
                  | mutation]
 96214 | Tomb:2   | Lost mutation: You are agile. (Dex +2) [potion of mutation]
 96214 | Tomb:2   | Lost mutation: You tend to lose your temper in combat.
                  | [potion of mutation]
 96214 | Tomb:2   | Lost mutation: Your spells are a little easier to cast, but
                  | a little less powerful. [potion of mutation]
 96214 | Tomb:2   | Gained mutation: You have sharp toenails. [potion of
                  | mutation]
 96214 | Tomb:2   | Gained mutation: You are robust. (+10% HP) [potion of
                  | mutation]
 96357 | Tomb:3   | Entered Level 3 of the Tomb of the Ancients
 96395 | Tomb:3   | Noticed a royal mummy
 96397 | Tomb:3   | Reached skill level 27 in Fighting
 96397 | Tomb:3   | Noticed a royal mummy
 96397 | Tomb:3   | Noticed a royal mummy
 96397 | Tomb:3   | Noticed a royal mummy
 96397 | Tomb:3   | Noticed a royal mummy
 96397 | Tomb:3   | Noticed a royal mummy
 96404 | Tomb:3   | Killed a royal mummy
 96405 | Tomb:3   | Reached skill level 1 in Maces & Flails
 96406 | Tomb:3   | Killed a royal mummy
 96406 | Tomb:3   | Killed a royal mummy
 96406 | Tomb:3   | Killed a royal mummy
 96407 | Tomb:3   | Reached skill level 2 in Maces & Flails
 96408 | Tomb:3   | Killed a royal mummy
 96409 | Tomb:3   | Reached skill level 3 in Maces & Flails
 96409 | Tomb:3   | Noticed a royal mummy
 96409 | Tomb:3   | Noticed a royal mummy
 96418 | Tomb:3   | Noticed a royal mummy
 96442 | Tomb:3   | Killed a royal mummy
 96450 | Tomb:3   | Got a golden rune of Zot
 97343 | Zot:5    | Got the Orb of Zot
 97586 | Depths:4 | Reached skill level 4 in Maces & Flails
 97798 | D:15     | Gained mutation: Your spells are a little easier to cast,
                  | but a little less powerful. [a cacodemon]
 97826 | D:14     | Noticed Yceykh the pandemonium lord
 97838 | D:14     | Killed Yceykh the pandemonium lord
 97939 | D:9      | Reached skill level 5 in Maces & Flails
 97962 | D:8      | Noticed Ixasher the pandemonium lord
 98106 | D:$      | Escaped with the Orb!

Vanquished Creatures
  Cerebov (Pan)
  Antaeus (Coc:7)
  Ereshkigal (Tar:7)
  Asmodeus (Geh:7)
  the Royal Jelly (Slime:5)
  Lom Lobon (Pan)
  Gloorx Vloq (Pan)
  A seraph (Pan)
  Dispater (Dis:7)
  4 orbs of fire
  Mara (Depths:4)
  19 ancient liches
  13 juggernauts
  The ghost of Muataran the Slayer, a veteran MiMo of Yredelemnul (Zot:2)
  5 pandemonium lords
  Sojobo (Vaults:5)
  17 royal mummies
  The ghost of Ulecsuczon the Impregnable, a veteran MiGl of Hepliaklqana (Crypt:2)
  Boris (twice) (Crypt:1 Crypt:3)
  6 Killer Klowns
  5 shard shrikes
  10 caustic shrikes
  Margery (Crypt:1)
  Geryon (Hell)
  A curse toe (Zot:4)
  11 bone dragons
  18 golden dragons
  Nikola (Depths:2)
  17 iron giants
  2 electric golems
  24 Tzitzimimeh
  16 Brimstone Fiends
  8 hellephants
  7 doom hounds
  25 tentacled monstrosities
  Rupert (D:12)
  18 Hell Sentinels
  13 Ice Fiends
  15 liches
  5 deep elf blademasters
  27 Orb Guardians
  12 titans
  5 quicksilver dragons
  23 acid blobs
  Asterion (Elf:1)
  7 deep elf master archers
  10 Executioners
  4 death cobs
  17 ancient champions
  Gastronok (Lair:1)
  Frances (Elf:1)
  20 sphinxes
  3 tentacled starspawn
  16 draconian monks
  17 shadow dragons
  15 storm dragons
  15 tengu reavers
  15 revenants
  Donald (Orc:2)
  11 fire giants
  15 azure jellies
  15 iron dragons
  15 draconian knights
  4 deep elf sorcerers
  17 frost giants
  Aizul (Spider:2)
  Louise (Spider:3)
  3 nagarajas (Zig:10)
  2 daevas
  12 cacodemons
  22 vault wardens
  3 emperor scorpions
  18 draconian shifters
  29 balrugs
  4 black suns
  4 corrupters
  6 ghost moths
  11 draconian scorchers
  3 deep elf elementalists
  23 ironheart preservers
  7 orc warlords (Zig:24)
  4 warmongers (Pan)
  10 curse skulls
  15 draconian annihilators
  10 ghouls
  2 juggernaut zombies
  4 spriggan defenders
  9 draconian stormcallers
  An elemental wellspring (Coc:7)
  3 angels
  7 ophanim (Pan)
  A juggernaut skeleton (Depths:4)
  56 reapers
  29 very ugly things
  21 starcursed masses
  59 stone giants
  10 entropy weavers
  4 blood saints
  2 caustic shrike skeletons
  15 deep elf demonologists
  9 lorocyprocas
  16 green draconians
  20 vampire knights
  18 black draconians
  27 war gargoyles
  12 bennus
  Azrael (Elf:1)
  Nessos (D:12)
  15 white draconians
  17 yellow draconians
  17 deep elf annihilators
  22 purple draconians
  12 spark wasps
  10 dire elephants
  15 ettins
  13 red draconians
  11 deep elf death magi
  2 eleionomae (Zig:14)
  7 quicksilver dragon zombies
  8 merfolk javelineers
  11 death oozes
  25 blizzard demons
  9 merfolk impalers
  9 crystal guardians
  14 eidola
  19 small abominations
  A spectral quicksilver dragon (Zot:2)
  Snorg (Orc:2)
  13 green deaths
  19 mummy priests
  15 yaktaur captains
  The ghost of Tbird the Reanimator, a journeyman FoNe of Hepliaklqana (Lair:2)
  A kraken zombie (Coc:7)
  A spectral golden dragon (Zot:2)
  6 jiangshi
  A shambling mangrove (Zig:14)
  17 fire dragons
  22 ogre magi
  Erolcha (D:12)
  16 great orbs of eyes
  25 rakshasas
  4 quicksilver dragon skeletons
  34 vault guards
  10 deep elf high priests
  A great orb of eyes (shapeshifter) (Abyss:3)
  4 hell beasts
  An ice dragon (shapeshifter) (Abyss:3)
  4 naga warriors (Zig:10)
  30 ice dragons
  28 hydras
  4 merfolk aquamancers
  4 ghost crabs
  10 spriggan air magi
  27 boulder beetles
  8 centaur warriors
  Erica (D:11)
  3 alligator snapping turtles
  A monstrous demonspawn (Pan)
  2 anacondas
  2 satyrs
  A juggernaut simulacrum (Depths:3)
  50 two-headed ogres
  The ghost of Otor the Fighter, a novice BaFi of Gozag (D:9)
  3 catoblepae
  36 dancing weapons
  2 alligators (Zig:14)
  4 death knights
  60 death scarabs
  32 large abominations
  9 deep troll shamans
  11 deep troll earth magi
  6 thrashing horrors
  24 vampire magi
  5 death yaks
  4 tengu warriors
  19 hell hogs
  12 spriggan berserkers
  Urug (D:12)
  A queen ant (shapeshifter) (D:15)
  11 titan zombies
  18 orc high priests
  35 soul eaters
  28 deep elf knights
  30 sun demons
  7 spriggans
  A shock serpent (Zig:3)
  Sonja (Lair:1)
  9 storm dragon zombies
  6 wretched stars
  126 skeletal warriors
  24 shadow wraiths
  20 hell knights
  2 fire crabs
  16 sixfirhies
  17 iron golems
  2 titan skeletons
  41 deep trolls
  5 gelid demonspawn
  A goliath frog (shapeshifter) (Abyss:3)
  3 death drakes
  20 flayed ghosts
  2 quicksilver dragon simulacra
  A spriggan druid (Zig:25)
  2 storm dragon skeletons
  A spatial maelstrom (Abyss:1)
  22 iron trolls
  14 sea snakes
  4 infernal demonspawn
  9 glowing orange brains
  18 unseen horrors
  2 swamp dragons
  21 phantasmal warriors
  11 wizards
  17 shadow demons
  9 bog bodies
  A ghost moth zombie (Dis:7)
  3 naga ritualists (Zig:10)
  A death drake (shapeshifter) (Zig:26)
  7 obsidian statues
  An unseen horror (shapeshifter) (Vaults:1)
  A golden dragon zombie (Tomb:2)
  3 torturous demonspawn (Pan)
  6 cherubim (Pan)
  7 shadow dragon zombies
  8 anaconda zombies
  6 lindwurms
  A lindwurm (shapeshifter) (Zig:12)
  4 anaconda skeletons
  17 orb spiders
  3 orange crystal statues
  22 orc knights
  35 harpies
  18 necromancers
  9 fire giant zombies
  A mana viper (Abyss:2)
  3 harpies (shapeshifter)
  82 deep elf magi
  A mana viper (shapeshifter) (D:15)
  25 ironbrand convokers
  3 iron dragon zombies
  2 tengu skeletons
  2 wolf spider zombies
  19 deep elf archers
  A sphinx zombie (Vaults:5)
  40 cyclopes
  15 orc sorcerers
  2 shadow dragon skeletons
  A faun (shapeshifter) (Zig:26)
  6 stone giant zombies
  63 ugly things
  A cyclops (shapeshifter) (Zig:26)
  10 shining eyes
  75 slime creatures
  37 wolf spiders
  16 manticores
  14 fauns
  6 frost giant zombies
  A manticore (shapeshifter) (Zig:26)
  2 salamanders (Depths:5)
  3 worldbinders
  44 oklob plants
  16 elephants
  4 iron dragon skeletons
  33 moths of wrath
  29 rust devils
  7 stone giant skeletons
  17 black mambas
  An elephant (shapeshifter) (Zig:26)
  6 titan simulacra (Coc:7)
  10 merfolk sirens
  A shock serpent zombie (Tar:3)
  5 dire elephant zombies
  4 eyes of devastation
  An apocalypse crab (Abyss:1)
  4 guardian serpents
  2 guardian serpents (shapeshifter) (Abyss:3)
  4 ice statues
  7 frost giant skeletons
  6 torpor snails
  A water nymph (shapeshifter) (Vaults:5)
  23 vault sentinels
  Psyche (D:11)
  10 fire giant skeletons
  22 smoke demons
  An eye of devastation (shapeshifter) (Vaults:5)
  A torpor snail (shapeshifter) (Vaults:2)
  4 dire elephant skeletons
  6 naga magi
  2 cane toads (shapeshifter) (D:15)
  A yellow draconian zombie (Coc:7)
  3 shock serpent skeletons
  A spriggan zombie (Depths:3)
  17 orange demons
  31 cane toads
  10 molten gargoyles
  5 water nymphs
  12 gargoyles
  An emperor scorpion zombie (Dis:4)
  22 komodo dragons
  5 storm dragon simulacra
  A white draconian zombie (Tomb:2)
  30 hellions
  A catoblepas zombie (Tar:6)
  2 kobold demonologists (D:7)
  A minotaur zombie (Crypt:2)
  An alligator snapping turtle skeleton (Crypt:2)
  3 ancient zymes
  48 yaktaurs
  A yaktaur (shapeshifter) (Depths:1)
  39 tormentors
  40 freezing wraiths
  11 demonic crawlers
  14 rime drakes
  6 efreet
  28 ice devils
  2 golden dragon simulacra
  7 harpy zombies
  2 komodo dragons (shapeshifter)
  2 queen bees (shapeshifter) (Depths:2)
  8 anaconda simulacra
  A black draconian skeleton (Crypt:2)
  14 trolls
  20 jumping spiders
  A jumping spider (shapeshifter) (Vaults:3)
  34 guardian mummies
  26 red devils
  2 queen bees
  7 meliai
  A tengu conjurer (Depths:2)
  6 hellwings
  12 hydra zombies
  2 silent spectres
  44 merfolk
  31 blink frogs
  6 dream sheep
  2 wolf spider simulacra
  Grinder (D:4)
  A hornet (shapeshifter) (Depths:5)
  20 hornets
  38 polar bears
  5 alligator zombies
  6 wind drakes
  2 harpy skeletons
  10 raiju
  4 ettin zombies
  7 hydra skeletons
  7 fire dragon zombies
  5 ice dragon zombies
  A frost giant simulacrum (Tomb:3)
  A raiju (shapeshifter) (Depths:3)
  A stone giant simulacrum (Hell)
  2 spriggan skeletons
  12 snapping turtles
  17 fire dragon skeletons
  2 spriggans (shapeshifter)
  7 ettin skeletons
  11 ynoxinuls
  49 redbacks
  11 ushabtiu
  4 air elementals
  A wyvern (shapeshifter) (Depths:1)
  A dire elephant simulacrum (Hell)
  5 vampires (Crypt:3)
  94 flying skulls
  A tarantella (shapeshifter) (Vaults:1)
  24 water elementals
  42 wraiths
  A black mamba zombie (Coc:6)
  9 basilisks
  35 tarantellas
  A fire bat (shapeshifter) (Vaults:4)
  The ghost of jonnos the Sneak, an amateur DDEn (D:4)
  3 black mamba skeletons
  19 wyverns
  30 shadows
  3 ice dragon skeletons
  35 fire elementals
  A human (shapeshifter) (Vaults:4)
  Eustachio (D:5)
  5 fire bats
  A golden eye (shapeshifter) (Vaults:3)
  2 steam dragons (Zig:6)
  A basilisk (shapeshifter) (Depths:3)
  A steam dragon (shapeshifter) (Zig:26)
  99 yaks
  A catoblepas simulacrum (Tar:3)
  8 golden eyes
  17 neqoxecs
  Menkaure (D:4)
  A spatial vortex (Abyss:1)
  An infernal demonspawn zombie (Geh:7)
  12 chaos spawn
  14 wargs
  A harpy simulacrum (Tar:3)
  A naga (shapeshifter) (Elf:2)
  9 vampire mosquitoes
  3 nagas
  A swamp worm (shapeshifter) (Elf:3)
  36 water moccasins
  A warg (shapeshifter) (Vaults:2)
  A water moccasin (shapeshifter) (Depths:1)
  85 hell hounds
  5 cane toad zombies
  Duvessa (D:4)
  3 floating eyes (Depths:3)
  A cane toad skeleton (Crypt:3)
  4 hydra simulacra (Coc:7)
  5 acid dragons
  An ice dragon simulacrum (Coc:3)
  A swamp drake (Zig:6)
  7 ice beasts
  3 sky beasts
  5 snapping turtle zombies
  A black bear (shapeshifter) (Abyss:1)
  A floating eye (shapeshifter) (Zig:12)
  A merfolk skeleton (Crypt:1)
  68 orc warriors
  2 swamp dragon zombies
  29 black bears
  A hornet zombie (D:13)
  An eye of draining (shapeshifter) (D:15)
  An elephant zombie (Lair:5)
  10 eyes of draining
  A manticore zombie (Geh:5)
  21 necrophages
  An ettin simulacrum (Crypt:1)
  32 wolves
  62 ogres
  6 boggarts
  19 centaurs
  9 phantoms
  2 snapping turtle skeletons
  A manticore skeleton (Geh:5)
  2 orc skeletons
  A komodo dragon zombie (Lair:5)
  14 big kobolds
  15 bullfrogs
  2 gnoll sergeants (D:12)
  Blork the orc (D:5)
  10 earth elementals
  A wyvern zombie (D:12)
  9 human skeletons
  Dowan (D:4)
  2 yaktaur skeletons
  5 scorpions
  A wyvern skeleton (Crypt:1)
  A hornet simulacrum (D:15)
  58 killer bees
  A snapping turtle simulacrum (Hell)
  77 wights
  5 electric eels
  3 howler monkeys
  7 bullfrog zombies
  3 centaur zombies (D:12)
  A lava snake (Vaults:3)
  8 crimson imps
  3 quasits (Depths:5)
  4 human zombies
  4 jellies
  A basilisk zombie (Lair:5)
  Crazy Yiuf (D:2)
  8 hounds
  A hound (shapeshifter) (D:12)
  A human simulacrum (Vaults:3)
  A black bear zombie (Crypt:1)
  24 orc priests
  8 bullfrog skeletons
  9 centaur skeletons
  36 orc wizards
  A gnoll shaman (D:4)
  8 iguanas
  33 iron imps
  Jessica (D:3)
  Ijyb (D:3)
  10 worker ants
  20 hell rats
  2 lightning spires (Zot:3)
  A killer bee zombie (D:10)
  An acid dragon zombie (Crypt:2)
  An ogre zombie (Dis:4)
  2 naga zombies
  2 hound zombies
  A hound skeleton (D:9)
  43 mummies
  Robin (D:2)
  A howler monkey zombie (D:10)
  2 worker ant zombies
  2 howler monkey skeletons
  19 gnolls
  24 adders
  2 river rats
  18 shadow imps
  10 white imps
  7 ufetubi
  5 oozes
  An adder skeleton (D:3)
  An iguana skeleton (Crypt:2)
  4 worms
  A barachi skeleton (Crypt:2)
  2 dart slugs
  11 leopard geckos
  148 orcs
  5 giant cockroaches
  9 hobgoblins
  12 jackals
  6 quokkas
  4 ball pythons
  10 bats
  5 frilled lizards
  21 goblins
  29 kobolds
  A kobold zombie (Dis:7)
  2 quokka skeletons
  9 rats
  10 crawling corpses
  3 fire vortices (Pan)
  A lurking horror (Abyss:3)
  5 starspawn tentacles
  A tentacle (Coc:7)
5877 creatures vanquished.

Vanquished Creatures (collateral kills)
  the Serpent of Hell (Coc:7)
  Mnoleg (Pan)
  Mennas (Crypt:1)
  5 royal mummies
  A shard shrike (Coc:1)
  A Killer Klown (Zot:5)
  A caustic shrike (Zig:27)
  2 golden dragons
  2 Brimstone Fiends
  A bone dragon (Zig:23)
  An electric golem (Zot:5)
  2 iron giants (Dis:7)
  4 Tzitzimimeh (Tar:7)
  An Orb Guardian (Zot:5)
  An Ice Fiend (Pan)
  5 Hell Sentinels
  A quicksilver dragon (Vaults:5)
  A deep elf blademaster (Elf:2)
  A lich (Tar:7)
  A sphinx (Vaults:5)
  An Executioner (Zig:8)
  3 ancient champions
  3 shadow dragons
  A storm dragon (Vaults:5)
  Ilsuiw (Shoals:3)
  A draconian monk (Zig:6)
  2 fire giants
  A frost giant (Vaults:5)
  2 vault wardens
  2 angels (Pan)
  A draconian shifter (Zig:22)
  6 cacodemons
  4 balrugs
  A ghoul (Crypt:1)
  A draconian scorcher (Zig:6)
  A curse skull (Pan)
  3 war gargoyles
  8 reapers
  An ironheart preserver (Vaults:5)
  A very ugly thing (Pan)
  2 bennus
  3 entropy weavers
  An ophan (Pan)
  3 lorocyprocas (Pan)
  A vampire knight (Tar:7)
  2 white draconians
  A red draconian (Zig:6)
  A yellow draconian (Zig:4)
  2 blizzard demons (Pan)
  2 merfolk javelineers (Shoals:3)
  2 purple draconians
  A death ooze (Slime:5)
  An eidolon (Tar:7)
  2 merfolk impalers (Shoals:4)
  3 green deaths (Pan)
  A crystal guardian (Zig:27)
  2 mummy priests (Tomb:1)
  A kraken zombie (Coc:1)
  A yaktaur captain (Vaults:5)
  A rakshasa (Pan)
  2 hydras
  An ice dragon (Coc:2)
  A centaur warrior (Vaults:1)
  A boulder beetle (Zig:27)
  A ghost crab (Tar:7)
  A spriggan air mage (Pan)
  A vampire mage (Crypt:1)
  4 hell hogs
  10 death scarabs
  A titan zombie (Dis:7)
  4 soul eaters
  A storm dragon zombie (Tomb:3)
  A thrashing horror (Zig:9)
  A wretched star (Zig:9)
  A titan skeleton (Geh:2)
  3 shadow wraiths
  7 sun demons
  2 iron trolls (Dis:7)
  6 hell knights
  2 sea snakes
  14 skeletal warriors
  A ghost moth zombie (Coc:4)
  A torturous demonspawn (Pan)
  A storm dragon skeleton (Tar:7)
  2 anaconda zombies
  A flayed ghost (Geh:7)
  3 cherubim (Pan)
  An unseen horror (Tar:7)
  A gelid demonspawn (Pan)
  A wizard (Pan)
  5 harpies
  2 tengu zombies (Zig:10)
  A bog body (Coc:7)
  3 phantasmal warriors (Tar:7)
  2 golden dragon skeletons
  2 deep elf magi
  A frost giant zombie (Zig:7)
  2 orb spiders
  An oklob plant (Zig:27)
  A stone giant zombie (Dis:7)
  A fire giant zombie (Zig:7)
  2 ugly things
  A will-o-the-wisp (Zig:14)
  A shadow dragon skeleton (Coc:1)
  A faun (Shoals:3)
  An orc sorcerer (Zig:24)
  An iron dragon skeleton (Zig:10)
  A fire giant skeleton (Zig:7)
  A water nymph (Shoals:4)
  A frost giant skeleton (Geh:5)
  2 rust devils (Dis:7)
  A merfolk siren (Shoals:3)
  2 smoke demons
  A dire elephant zombie (Dis:7)
  3 molten gargoyles (Geh:7)
  2 orange demons
  A dire elephant skeleton (Geh:1)
  2 gargoyles (Zig:27)
  2 freezing wraiths
  An efreet (Geh:6)
  4 hellions
  A yaktaur (Vaults:1)
  A demonic crawler (Pan)
  2 tormentors
  5 ice devils
  An anaconda simulacrum (Coc:7)
  A troll (shapeshifter) (Zig:9)
  9 guardian mummies
  A silent spectre (Tar:7)
  2 harpy zombies
  5 merfolk
  3 hydra zombies
  17 red devils
  2 hornets
  An alligator zombie (Coc:7)
  A fire dragon zombie (Tar:7)
  A shadow (Tar:1)
  9 flying skulls
  A redback (Spider:4)
  3 ushabtiu (Tomb:3)
  A water elemental (Coc:4)
  2 ice dragon skeletons
  2 fire bats (Geh:7)
  A ynoxinul (Pan)
  5 wraiths
  3 fire elementals
  2 neqoxecs (Pan)
  2 large abominations (Pan)
  A chaos spawn (Pan)
  8 hell hounds
  An ice beast (Coc:1)
  An orc warrior (Zig:24)
  A snapping turtle zombie (Dis:7)
  6 necrophages
  2 snapping turtle skeletons
  2 centaurs (Vaults:1)
  A wyvern zombie (Crypt:1)
  A spriggan zombie (Geh:5)
  8 wights
  A crimson imp (Geh:1)
  A starcursed mass (Zig:9)
  An orc priest (Zig:24)
  7 iron imps
  An orc wizard (Orc:2)
  A naga zombie (Geh:5)
  13 mummies
  A shadow imp (Tar:7)
  3 white imps
  2 tentacles (Coc:1)
387 creatures vanquished.

Vanquished Creatures (others)
  An ancient lich (Zig:26)
  2 Tzitzimimeh
  A titan (Pan)
  2 deep elf blademasters
  An eldritch tentacle (Pan)
  2 draconian monks (Zig:22)
  5 draconian knights
  2 draconian scorchers (Zig:22)
  A balrug (Geh:7)
  A warmonger (Zig:3)
  A deep elf elementalist (Zig:19)
  A draconian stormcaller (Zig:22)
  A reaper (Geh:2)
  A corrupter (Zig:8)
  2 elemental wellsprings (Coc:7)
  A deep elf demonologist (Zig:20)
  A red draconian (Zig:8)
  A deep elf annihilator (Pan)
  A yellow draconian (Zig:8)
  A green draconian (Zig:22)
  A blizzard demon (Dis:7)
  A deep elf high priest (Zig:20)
  A merfolk impaler (Zig:16)
  A fire dragon (Zot:2)
  An ogre mage (Vaults:3)
  3 hydras (Zig:14)
  3 alligators (Zig:14)
  A merfolk aquamancer (Shoals:4)
  4 dancing weapons
  A hell hog (Dis:1)
  A soul eater (Zig:23)
  2 deep elf knights (Zig:19)
  A hell knight (Geh:2)
  A skeletal warrior (Tar:1)
  A shadow wraith (Zig:23)
  A deep troll (Slime:3)
  A spriggan druid (Zig:14)
  2 swamp dragons (Zig:14)
  3 deep elf magi
  A manticore (Zig:16)
  3 rust devils (Dis:7)
  A black mamba (Zig:10)
  2 gargoyles (Zig:27)
  A komodo dragon (shapeshifter) (Zig:19)
  A polar bear (IceCv)
  2 merfolk (Zig:16)
  A blink frog (Zig:25)
  An ice dragon zombie (Tar:1)
  4 flying skulls
  A spriggan (Zig:14)
  3 wraiths
  A tarantella (Spider:4)
  A wyvern (Zig:25)
  An ice dragon skeleton (Geh:7)
  A fire elemental (Elf:1)
  2 yaks (IceCv)
  A water elemental (Elf:1)
  4 hell hounds
  A swamp drake (Zig:14)
  An ogre (Zig:24)
  An orc warrior (Zig:24)
  A necrophage (Tar:1)
  A boggart (Depths:2)
  2 wolves (IceCv)
  A small abomination (Abyss:1)
  An orc priest (Zig:24)
  4 orc wizards
  8 ball lightnings (Pan)
  3 orcs (Orc:2)
  2 bushes (Lair:6)
  A crawling corpse (Zig:20)
  3 demonic plants (Pan)
  2 foxfires (Zig:14)
  61 fungi
  2 lurking horrors
  178 plants
  6 starspawn tentacles
  8 tentacles
  28 withered plants (Crypt:3)
406 creatures vanquished.

Grand Total: 6670 creatures vanquished
